Workbook

Sheet SIMAT
B3: N° | C3: NOMBRE MUNICIPIO | D3: CÓDIGO ESTABLECIMIENTO | E3: NOMBRE ESTABLECIMIENTO | F3: NOMBRE SEDE | G3: CÓDIGO SEDE | H3: MATRICULA
B4: 1 | C4: ARENAL | D4: 213473001580 | E4: I.E. EMA TRONCOSO RABELO | F4: CARNIZALA | G4: 213473000320 | H4: 57
B5: 2 | C5: ARENAL | D5: 213473001580 | E5: I.E. EMA TRONCOSO RABELO | F5: PRINCIPAL BUENAVISTA | G5: 213473001580 | H5: 462
B6: 3 | C6: ARENAL | D6: 213473001580 | E6: I.E. EMA TRONCOSO | F6: LOS PEÑONES | G6: 213042000039 | H6: 14
E7: RABELO
B8: 4 | C8: ARENAL | D8: 213473001580 | E8: I.E. EMA TRONCOSO | F8: TEQUENDAMA | G8: 213042000110 | H8: 9
E9: RABELO
B10: 5 | C10: ARENAL | D10: 213473001580 | E10: I.E. EMA TRONCOSO RABELO | F10: SAN RAFAEL | G10: 213473000117 | H10: 91
B11: 6 | C11: CANTAGALLO | D11: 213160000060 | E11: I.E. LA VICTORIA | F11: ARGELIA | G11: 213160001376 | H11: 8
B12: 7 | C12: CANTAGALLO | D12: 213160000060 | E12: I.E. LA VICTORIA | F12: EL CEDRO | G12: 213160000051 | H12: 6
B13: 8 | C13: CANTAGALLO | D13: 213160000060 | E13: I.E. LA VICTORIA | F13: LA GRANJA | G13: 213160001350 | H13: 9
B14: 9 | C14: CANTAGALLO | D14: 213160000060 | E14: I.E. LA VICTORIA | F14: EL DIAMANTE | G14: 213160001287 | H14: 28
B15: 10 | C15: CANTAGALLO | D15: 213160000060 | E15: I.E. LA VICTORIA | F15: LOS CORONCOROS | G15: 213160001317 | H15: 22
B16: 11 | C16: CANTAGALLO | D16: 213160000060 | E16: I.E. LA VICTORIA | F16: SANTO DOMINGO ALTO | G16: 213160000167 | H16: 19
B17: 12 | C17: CANTAGALLO | D17: 213160000060 | E17: I.E. LA VICTORIA | F17: LIMON ALTO | G17: 213670000994 | H17: 20
B18: 13 | C18: CANTAGALLO | D18: 213160000060 | E18: I.E. LA VICTORIA | F18: EL CAGUI | G18: 213670000641 | H18: 84
B19: 14 | C19: CANTAGALLO | D19: 213160000060 | E19: I.E. LA VICTORIA | F19: YANACUE | G19: 213670000986 | H19: 15
B20: 15 | C20: CANTAGALLO | D20: 213160000060 | E20: I.E. LA VICTORIA | F20: LA POZA | G20: 213160000043 | H20: 30
B21: 16 | C21: CANTAGALLO | D21: 213160000060 | E21: I.E. LA VICTORIA | F21: LA FLORESTA | G21: 213160001155 | H21: 9
... B44: 39 | C44: MORALES | D44: 213473000052 | E44: I.E. LA PALMA | F44: I.E. LA PALMA - SEDE | G44: 213473000052 | H44: 198
F45: PRINCIPAL
B46: 40 | C46: MORALES | D46: 213473000052 | E46: I.E. LA PALMA | F46: PUERTO RICO | G46: 213473001750 | H46: 19
E47: I. E. TECNICA AGROPECUARIA Y EMPRESARIAL POZO
B48: 41 | C48: SAN PABLO | D48: 213670000200 | E48: AZUL | F48: LA VIRGENCITA | G48: 213670000099 | H48: 23
E49: I. E. TECNICA AGROPECUARIA Y EMPRESARIAL POZO
B50: 42 | C50: SAN PABLO | D50: 213670000200 | E50: AZUL | F50: CAÑABRAVAL | G50: 213670001311 | H50: 38
B51: 43 | C51: SAN PABLO | D51: 213670000200 | E51: AZUL | F51: VALLECITO | G51: 213670000820 | H51: 24
B52: 44 | C52: SAN PABLO | D52: 213670000200 | E52: I. E. TECNICA AGROPECUARIA Y | F52: ALTO CAÑABRAVAL | G52: 213670000838 | H52: 27
E53: EMPRESARIAL POZO
E54: AZUL
B55: 45 | C55: SAN PABLO | D55: 213670000200 | E55: AZUL | F55: CERRO AZUL | G55: 213670001061 | H55: 37
B56: 46 | C56: SAN PABLO | D56: 213670000200 | E56: AZUL | F56: JUAN ALTO TARACUE | G56: 213670001087 | H56: 23
B57: 47 | C57: SAN PABLO | D57: 213670000200 | E57: AZUL | F57: AGUA SUCIA | G57: 213670001095 | H57: 9
B58: 48 | C58: SAN PABLO | D58: 213670000200 | E58: AZUL | F58: LAS COLINAS | G58: 213670001150 | H58: 1
B59: 49 | E59: I. E. TECNICA AGROPECUARIA Y EMPRESARIAL POZO
B60: 50 | C60: SAN PABLO | D60: 213670000200 | E60: AZUL | F60: ALTO BERLIN | G60: 213670000722 | H60: 16
B61: 51 | C61: SAN PABLO | D61: 213670000200 | E61: AZUL | F61: LA GOLONDRINA | G61: 213670000731 | H61: 7
B62: 52 | C62: SAN PABLO | D62: 213670000200 | E62: AZUL | F62: LA YE | G62: 213670000790 | H62: 22
B63: 53 | C63: SAN PABLO | D63: 213670000200 | E63: AZUL | F63: CAÑO FRIO | G63: 213670000854 | H63: 20
B64: 54 | C64: SAN PABLO | D64: 213670000200 | E64: AZUL | F64: LA FRIA | G64: 213670000927 | H64: 14
B65: 55 | C65: SAN PABLO | D65: 213670000200 | E65: AZUL | F65: ALTO SAN JUAN | G65: 213670000137 | H65: 27
B66: 56 | C66: SAN PABLO | D66: 213670000200 | E66: AZUL | F66: LA ESMERALDA | G66: 213670000251 | H66: 7
B67: 57 | C67: SAN PABLO | D67: 213670000200 | E67: AZUL | F67: PATIO BONITO | G67: 213670000480 | H67: 20
B68: 58 | C68: SAN PABLO | D68: 213670000200 | E68: AZUL | F68: RANCHO QUEMADO | G68: 213670000498 | H68: 7
B69: 59 | C69: SAN PABLO | D69: 213670000200 | E69: AZUL | F69: SEDE PRINCIPAL | G69: 213670000200 | H69: 234
B70: 60 | C70: SAN PABLO | D70: 213670000200 | E70: AZUL | F70: CAÑO DE ORO | G70: 213670001385 | H70: 16
B71: 61 | C71: SAN PABLO | D71: 213670000200 | E71: AZUL | F71: MEDIO CAÑABRAVAL | G71: 213670001378 | H71: 14
... B76: 66 | C76: SANTA ROSA | D76: 213688001874 | E76: I.E. SAN FRANCISCO | F76: JUAN PABLO | G76: 213683000403 | H76: 10
C77: DEL SUR | F77: SEGUNDO
B78: 67 | C78: SANTA ROSA | D78: 213688001874 | E78: I.E. SAN FRANCISCO | F78: EL VAIVEN | G78: 213688000381 | H78: 9
C79: DEL SUR
B80: 68 | C80: SANTA ROSA | D80: 213688001874 | E80: I.E. SAN FRANCISCO | F80: LA UNION | G80: 213688000045 | H80: 19
C81: DEL SUR
B82: 69 | C82: SANTA ROSA | D82: 213688001874 | E82: I.E. SAN FRANCISCO | F82: CARACOLI | G82: 213688000070 | H82: 17
C83: DEL SUR
B84: 70 | C84: SANTA ROSA | D84: 213688001874 | E84: I.E. SAN FRANCISCO | F84: SAN ISIDRO | G84: 213744000860 | H84: 58
C85: DEL SUR
B86: 71 | C86: SANTA ROSA | D86: 213688001874 | E86: I.E. SAN FRANCISCO | F86: LA MENDOZA | G86: 413688001822 | H86: 19
C87: DEL SUR
B88: 72 | C88: SANTA ROSA | D88: 213688001874 | E88: I.E. SAN FRANCISCO | F88: PLAYA RICA | G88: 213688010911 | H88: 41
C89: DEL SUR
B90: 73 | C90: SANTA ROSA | D90: 213688001874 | E90: I.E. SAN FRANCISCO | F90: LA ESMERALDA | G90: 213744000495 | H90: 12
C91: DEL SUR
B92: 74 | C92: SANTA ROSA | D92: 213688001882 | E92: I.E. SAN LUCAS | F92: MINA CARACOLITO | G92: 213688800050 | H92: 17
C93: DEL SUR
B94: 75 | C94: SANTA ROSA | D94: 213688001882 | E94: I.E. SAN LUCAS | F94: I.E. SAN LUCAS - SEDE | G94: 213688001882 | H94: 248
C95: DEL SUR | F95: PRINCIPAL
B96: 76 | C96: SANTA ROSA | D96: 213688001882 | E96: I.E. SAN LUCAS | F96: MINA CHOCO | G96: 213688800017 | H96: 6
C97: DEL SUR
B98: 77 | C98: SANTA ROSA | D98: 213688001882 | E98: I.E. SAN LUCAS | F98: MINA MOCHA | G98: 213688011403 | H98: 167
C99: DEL SUR
B100: 78 | C100: SANTA ROSA | D100: 213688001882 | E100: I.E. SAN LUCAS | F100: LOS ARRAYANES | G100: 213683000322 | H100: 67
C101: DEL SUR
B102: 79 | C102: SANTA ROSA | D102: 213688001882 | E102: I.E. SAN LUCAS | F102: SAN LUQUITAS | G102: 213683000471 | H102: 564
C103: DEL SUR
B104: 80 | C104: SANTA ROSA | D104: 213688001882 | E104: I.E. SAN LUCAS | F104: SAN PEDRO FRIO | G104: 213688010938 | H104: 173
C105: DEL SUR
B106: 81 | C106: SANTA ROSA | D106: 213688001882 | E106: I.E. SAN LUCAS | F106: LA CABAÑA | G106: 213688011004 | H106: 17
C107: DEL SUR
B108: 82 | C108: SANTA ROSA | D108: 213688001882 | E108: I.E. SAN LUCAS | F108: EL PARAISO | G108: 213688011039 | H108: 11
C109: DEL SUR
B110: 83 | C110: SANTA ROSA | D110: 213688001882 | E110: I.E. SAN LUCAS | F110: SANTA ISABEL | G110: 213744000991 | H110: 64
C111: DEL SUR
B112: 84 | C112: SANTA ROSA | D112: 213688001882 | E112: I.E. SAN LUCAS | F112: SAN JOSE | G112: 413688010899 | H112: 57
C113: DEL SUR
B114: 85 | C114: SANTA ROSA | D114: 213688001882 | E114: I.E. SAN LUCAS | F114: LA TORERA | G114: 413688010953 | H114: 10
C115: DEL SUR
B116: 86 | C116: SANTA ROSA | D116: 213688001882 | E116: I.E. SAN LUCAS | F116: LA GRANJA | G116: 213688011420 | H116: 17
C117: DEL SUR
B118: 87 | C118: SANTA ROSA | D118: 213688001882 | E118: I.E. SAN LUCAS | F118: MINA PISTA | G118: 213688011071 | H118: 53
C119: DEL SUR
B120: 88 | C120: SANTA ROSA | D120: 213688001882 | E120: I.E. SAN LUCAS | F120: SAN ANTONIO | G120: 213688011080 | H120: 6
C121: DEL SUR
B122: 89 | C122: SANTA ROSA | D122: 213688001882 | E122: I.E. SAN LUCAS | F122: LA PAZ | G122: 213688800068 | H122: 25
C123: DEL SUR
B124: 90 | C124: SANTA ROSA | D124: 213688001882 | E124: I.E. SAN LUCAS | F124: LA SERRANIA | G124: 213688800025 | H124: 13
C125: DEL SUR
B126: 91 | C126: SIMITÍ | D126: 213744001238 | E126: MONTERREY | F126: MONTERREY | G126: 213744001238 | H126: 303
B127: 92 | C127: SIMITÍ | D127: 213744001238 | E127: MONTERREY | F127: HUMAREDITA BAJA | G127: 213744000177 | H127: 14
B128: 93 | C128: SIMITÍ | D128: 213744001238 | E128: Y EMPRESARIAL DE MONTERREY | F128: LAS MAYAS | G128: 213744000037 | H128: 9
...

Sheet Cronograma Ajustado1
A1: CRONOGRAMA
A2: FORTALECIMIENTO INTEGRAL DE LA ACTIVIDAD FÍSICA, RECREACIÓN Y EL DEPORTE A TRAVÉS DE LA DOTACIÓN DE IMPLEMENTOS DEPORTIVOS Y PARQUES INFANTILES EN INSTITUCIONES EDUCATIVAS DE LOS MUNICIPIOS PDET DEL SUR DEL DEPARTAMENTO DE BOLÍVAR
A3: ITEM | B3: DESCRIPCION | C3: RESPONSABLE | D3: ETAPA CONTRACTUAL | AB3: EJECUCION | AT3: LIQUIDACION
D4: 45778 | E4: 45809 | I4: 45839 | M4: 45870 | Q4: 45901 | U4: 45931 | Y4: 45962 | AC4: 45992 | AG4: 46023 | AK4: 46054 | AO4: 46082 | AS4: 46113 | AW4: 46143
D5: SEM 4 | E5: SEM 5 | F5: SEM 6 | G5: SEM 7 | H5: SEM 8 | I5: SEM 9 | J5: SEM 10 | K5: SEM 11 | L5: SEM 12 | M5: SEM 13 | N5: SEM 14 | O5: SEM 15 | P5: SEM 16 | Q5: SEM 17 | R5: SEM 18 | S5: SEM 19 | T5: SEM 20 | U5: SEM 21 | V5: SEM 22 | W5: SEM 23 | X5: SEM 24 | Y5: SEM 25 | Z5: SEM 26 | AA5: SEM 27 | AB5: SEM 28 | AC5: SEM 29 | AD5: SEM 30 | AE5: SEM 31 | AF5: SEM 32 | AG5: SEM 33 | AH5: SEM 34 | AI5: SEM 35 | AJ5: SEM 36 | AK5: SEM 37 | AL5: SEM 38 | AM5: SEM 39 | AN5: SEM 40 | AO5: SEM 41 | AP5: SEM 42 | AQ5: SEM 43 | AR5: SEM 44 | AS5: SEM 45 | AT5: SEM 46 | AU5: SEM 47 | AV5: SEM 48 | AW5: SEM 49 | AX5: SEM 50 | AY5: SEM 51
A6: 1. CONSTITUCIÓN FIDUCIA
A7: 1.1 | B7: Constitución de fiducia | C7: CONTRIBUYENTE | D7: 45803
A8: 1.2 | B8: Deposito monto equivalente al proyecto de inversión | C8: CONTRIBUYENTE
A9: 1.3 | B9: Envío Certificación depósitos ART, MEN y DIAN | C9: FIDUCIA
A10: 1.4 | B10: Presentación Cronograma General ART y MEN | C10: CONTRIBUYENTE
A11: 1.5 | B11: Aprobación Cronograma ART y MEN | C11: ART y MEN
A12: 1.6 | B12: Elaboración de pliegos y términos de referencia para la contratación del Gerente por parte de la fiducia | C12: FIDUCIA
A13: 2. GERENCIA DEL PROYECTO
A14: 2.1 | B14: Preparación y apertura proceso de contratación gerencia del proyecto | C14: FIDUCIA
A15: 2.2 | B15: Cierre del proceso de selección de oferente para gerencia | C15: FIDUCIA
A16: 2.3 | B16: Verificación de requisitos y perfiles de oferentes para gerencia | C16: CONTRIBUYENTE
A17: 2.4 | B17: Emisión de Pólizas y firma del Contrato Gerencia del Proyecto | C17: FIDUCIA GERENCIA
A18: 2.5 | B18: Suscripcion acta de inicio contrato Gerencia del Proyecto | C18: FIDUCIA GERENCIA
A19: 3. INTERVENTORIA DEL PROYECTO | AB19: SESION DE INICIO
A20: 3.1 | B20: Revisión TdR interventoría | C20: FIDUCIA
A21: 3.2 | B21: Mesa de trabajo con el Ministerio para la aprobación de los Tdr de interventoría | C21: FIDUCIA
A22: 3.3 | B22: Designación supervisor del contrato MEN (Articulo 7 Decreto 2469) | C22: MEN
A23: 3.4 | B23: Aprobación Términos de referencia Interventoría por parte del MEN | C23: MEN
A24: 3.5 | B24: Preparacion y apertura proceso de licitacion Interventoria | C24: FIDUCIA
A25: 3.6 | B25: Cierre Proceso Licitación Interventoria | C25: FIDUCIA
A26: 3.7 | B26: Selección de Interventor | C26: FIDUCIA
A27: 3.8 | B27: Emisión de pólizas y firma contrato Interventoría | C27: FIDUCIA INTERVENTORIA
A28: 3.9 | B28: Suscripción acta de Inicio contrato Interventor | C28: FIDUCIA INTERVENTORIA
A29: 4. SELECCIÓN DE PROVEEDOR DOTACION IMPLEMNETOS DEPORTIVOS Y PARQUES INFANTILES
A30: 4.1 | B30: Apertura proceso de contratación de proveedores - Proveedor de elementos deportivos | C30: GERENCIA FIDUCIA
A31: 4.2 | B31: Cierre Proceso Licitacion Ejecutor del proyecto | C31: FIDUCIA
A32: 4.3 | B32: Verificación de requisitos para seleccionar de proveedores | C32: FIDUCIA
A33: 4.4 | B33: Selección de proveedores | C33: FIDUCIA
A34: 4.5 | B34: Emisión de pólizas y firma contrato proveedor Dotacion | C34: GERENCIA FIDUCIA
A35: 4.6 | B35: Suscripción Acta de Inicio Dotacion deportiva | C35: GERENCIA FIDUCIA
A36: 5. SELECCIÓN DE FORMACION DOCENTE
A37: 5.1 | B37: Apertura proceso de contratación de proveedores | C37: GERENCIA FIDUCIA
A38: 5.2 | B38: Cierre del proceso de selección de proveedores | C38: GERENCIA FIDUCIA
A39: 5.3 | B39: Verificación de requisitos para seleccionar de proveedores | C39: FIDUCIA
A40: 5.4 | B40: Selección de proveedores | C40: GERENCIA
A41: 5.5 | B41: Emisión de pólizas y firma contrato proveedor | C41: GERENCIA
A42: 5.6 | B42: Envío de pólizas firmadas a interventoría para aprobación final | C42: GERENCIA
A43: 5.7 | B43: Suscripcion acta de inicio del Proveedor | C43: GERENCIA
A44: 5.8 | B44: Contratación del personal | C44: GERENCIA
A45: 6. EJECUCION DOTACION IMPLEMNETOS DEPORTIVOS Y PARQUES INFANTILES
A46: 6.1 | B46: Elaboración de solicitud de ajuste del cronograma general de proyecto | C46: GERENCIA PROVEEDOR | H46: VACACIONES ESTUDIANTILES JUNIO | V46: SEMANA RECESO ESTUDIANTIL | AD46: VACACIONES ESTUDIANTILES | AT46: SEMANA SANTA
A47: 6.2 | B47: Solicitud de usuario SUIFP y SPI | C47: GERENCIA
A48: 6.3 | B48: Concertación con el proveedor el cronograma de actividades, producción, despacho y entregas | C48: GERENCIA INTERVENTORIA PROVEEDOR
A49: 6.4 | B49: Verificación de especificaciones técnicas y calidad en instalaciones del proveedor | C49: INTERVENTORIA
A50: 6.5 | B50: Verificación y Aprobación de prototipos de los ítems a dotar | C50: INTERVENTORIA
A51: 6.6 | B51: Proceso de compra de Dotacion deportiva y parques infantiles | C51: PROVEEDOR
A52: 6.7 | B52: Transporte, entrega e instalación de elementos a las sedes educativas | C52: PROVEEDOR | AB52: 1 | AC52: 1 | AD52: 1 | AE52: 1 | AF52: 1 | AG52: 1 | AH52: 1 | AI52: 1 | AJ52: 1 | AK52: 1 | AL52: 1 | AM52: 1 | AN52: 1 | AO52: 1 | AP52: 1 | AQ52: 1
A53: 6.8 | B53: Verificacion de entregas en Sedes educativas | C53: INTERVENTORIA
A54: 6.9 | B54: Comité de Seguimiento Mensual | C54: GERENCIA INTERVENTORIA SUPERVISION MEN
A55: 6.10 | B55: Comité de Seguimiento Quincenal | C55: GERENCIA INTERVENTORIA SUPERVISION MEN PROVEEDOR
A56: 6.11 | B56: Elaboración de informe mensual por parte de la interventoría | C56: INTERVENTORIA
A57: 6.12 | B57: Reporte Aplicativo SPI | C57: GERENCIA
A58: 6.13 | B58: Reporte Fichas de Seguimiento ART | C58: GERENCIA
A59: 7. EJECUCION FORMACION DOCENTE
A60: 7.1 | B60: Caracterizacion docente | C60: PROVEEDOR
A61: 7.2 | B61: Focalizacion docente | C61: PROVEEDOR
A62: 7.3 | B62: Elaboracion y aprobacion plan de capacitaciones | C62: PROVEEDOR
A63: 7.4 | B63: Formacion docente | C63: PROVEEDOR | AB63: 1 | AC63: 1 | AD63: 1 | AE63: 1 | AF63: 1 | AG63: 1 | AH63: 1 | AI63: 1 | AJ63: 1 | AK63: 1 | AL63: 1 | AM63: 1 | AN63: 1 | AO63: 1 | AP63: 1 | AQ63: 1
A64: 7. LIQUIDACION | AR64: 8. LIQUIDACION
A65: 8.1 | B65: Elaboracion y aprobacion final entrega de dotación | C65: PROVEEDOR
A66: 8.2 | B66: Acta de liquidacion del proveedor Dotacion | C66: PROVEEDOR
A67: 8.3 | B67: Elaboracion y aprobacion final de Formación Docente | C67: PROVEEDOR
A68: 8.4 | B68: Acta de liquidación del proveedor Formación Docente | C68: PROVEEDOR
A69: 8.5 | B69: Elaboracion y aprobacion final Interventoría | C69: INTERVENTORIA
A70: 8.6 | B70: Acta de liquidación de Interventoria | C70: INTERVENTORIA | AB70: 1 | AC70: 1 | AD70: 1 | AE70: 1 | AF70: 1 | AG70: 1 | AH70: 1 | AI70: 1 | AJ70: 1 | AK70: 1 | AL70: 1 | AM70: 1 | AN70: 1 | AO70: 1 | AP70: 1 | AQ70: 1 | AR70: 1 | AS70: 1 | AT70: 1 | AU70: 1
A71: 8.7 | B71: Elaboracion y aprobacion final Gerencia | C71: GERENCIA | M71: 1 | N71: 1 | O71: 1 | P71: 1 | Q71: 1 | R71: 1 | S71: 1 | T71: 1 | U71: 1 | V71: 1 | W71: 1 | X71: 1 | Y71: 1 | Z71: 1 | AA71: 1 | AB71: 1 | AC71: 1 | AD71: 1 | AE71: 1 | AF71: 1 | AG71: 1 | AH71: 1 | AI71: 1 | AJ71: 1 | AK71: 1 | AL71: 1 | AM71: 1 | AN71: 1 | AO71: 1 | AP71: 1 | AQ71: 1 | AR71: 1 | AS71: 1 | AT71: 1 | AU71: 1 | AV71: 1
A72: 8.8 | B72: Acta de liquidación Gerencia | C72: GERENCIA
A73: 8.9 | B73: Cierre contrato Fiducia | C73: CONTRIBUYENTE
A74: 8.10 | B74: Resolución recibo a satisfacción del proyecto enviada a la DIAN | C74: FIDUCIA DIAN
A78: RESUMEN CONTRATACIÓN DERIVADA | E78: Nota: El cronograma será susceptible de modificación conforme al cumplimiento de las etapas contractuales previstas y a la formalización de la sesión de inicio. En caso de que las actividades se vean afectadas por el período de vacaciones académicas, se procederá con los respectivos tramites contractuales hasta la finalización de dicho receso, con el fin de garantizar su correcta y oportuna ejecución
A79: N. | B79: Descripción | C79: Tiempo ( meses)
A80: 1 | B80: FIDUCIA | C80: 12
A81: 2 | B81: GERENCIA | C81: =(SUM(M71:AW71)/4) -> 9
A82: 3 | B82: INTERVENTORIA | C82: =(SUM(AB70:AU70)/4) -> 5
A83: 4 | B83: PROVEEDOR DOTACION DEPORTIVA Y PARQUES INFANTILES | C83: =(SUM(AB52:AQ52)/4) -> 4
A84: 5 | B84: PROVEEDOR FORMACIÓN DOCENTE | C84: =(SUM(AB63:AQ63)/4) -> 4

Sheet CRONOGRAMA
B6: FORTALECIMIENTO INTEGRAL DE LA ACTIVIDAD FÍSICA, RECREACIÓN Y EL DEPORTE A TRAVÉS DE LA DOTACIÓN DE IMPLEMENTOS DEPORTIVOS Y PARQUES INFANTILES EN INSTITUCIONES EDUCATIVAS DE LOS MUNICIPIOS PDET DEL SUR DEL DEPARTAMENTO DE BOLÍVAR
B7: ACTIVIDADES | D7: RESPONSABLE | E7: ETAPA PRECONTRACTUAL Y CONTRACTUAL | AC7: EJECUCIÓN | AS7: LIQUIDACION
E8: MES 1 | I8: MES 2 | M8: MES 3 | Q8: MES 4 | U8: MES 5 | Y8: MES 6 | AC8: MES 7 | AG8: MES 8 | AK8: MES 9 | AO8: MES 10 | AS8: MES 11 | AW8: MES 12
E9: S1 | F9: S2 | G9: S3 | H9: S4 | I9: S5 | J9: S6 | K9: S7 | L9: S8 | M9: S9 | N9: S10 | O9: S11 | P9: S12 | Q9: S13 | R9: S14 | S9: S15 | T9: S16 | U9: S17 | V9: S18 | W9: S19 | X9: S20 | Y9: S21 | Z9: S22 | AA9: S23 | AB9: S24 | AC9: S25 | AD9: S26 | AE9: S27 | AF9: S28 | AG9: S29 | AH9: S30 | AI9: S31 | AJ9: S32 | AK9: S33 | AL9: S34 | AM9: S35 | AN9: S36 | AO9: S37 | AP9: S38 | AQ9: S39 | AR9: S40 | AS9: S41 | AT9: S42 | AU9: S43 | AV9: S44 | AW9: S45 | AX9: S46 | AY9: S47 | AZ9: S48
B10: 1. FIDUCIA
B11: 1.1 | C11: Constitución de Fiducia | D11: Contribuyente Fiducia
B12: 1.2 | C12: Deposito del valor del impuesto a Fiducia | D12: Contribuyente
B13: 1.3 | C13: Envío Certificación depósitos ART, MEN y DIAN | D13: Fiducia
B14: 1.4 | C14: Presentación Cronograma General ART y MEN | D14: Contribuyente
B15: 1.5 | C15: Aprobación Cronograma ART y MEN | D15: ART y MEN
B16: 1.6 | C16: Aprobación Cronograma General | D16: MEN
B17: 1.7 | C17: Elaboración de pliegos y términos de referencia para la contratación del Gerente por parte de la fiducia | D17: Fiducia
B18: 2. GERENCIA DEL PROYECTO
B19: 2.1 | C19: Preparacion Proceso Contratación Gerencia del Proyecto | D19: Contribuyente Fiducia
B20: 2.2 | C20: Apertura y Cierre Proceso Contratación Gerencia del Proyecto y verificación de requisitos | D20: Fiducia
B21: 2.3 | C21: Selección Gerente proyecto | D21: Contribuyente
B22: 2.4 | C22: Emisión de Pólizas y firma del Contrato Gerencia del Proyecto | D22: Fiducia Gerencia
B23: 2.5 | C23: Suscripción acta de inicio de Gerencia del Proyecto | D23: Fiducia Gerencia
B24: 3. INTERVENTORIA DEL PROYECTO | AC24: sesión de inico
B25: 3.1 | C25: Preparación Términos de referencia Interventoría | D25: Gerencia Fiducia
B26: 3.2 | C26: Designación supervisor del contrato MEN (Articulo 7 Decreto 2469) | D26: MEN
B27: 3.3 | C27: Elaboración y Aprobación Términos de referencia Interventoría por parte del MEN | D27: MEN
B28: 3.4 | C28: Apertura y Cierre Proceso Licitación Interventoria | D28: Fiducia
B29: 3.5 | C29: Selección de Interventor | D29: Gerencia
B30: 3.6 | C30: Emisión de pólizas y firma Contrato Interventoría | D30: Fiducia Interventoria
B31: 3.7 | C31: Suscripción Acta de Inicio Interventor | D31: Fiducia Interventoria
B32: 4. SELECCIÓN DE PROVEEDORES DOTACION IMPLEMNETOS DEPORTIVOS Y PARQUES INFANTILES
B33: 4.1 | C33: Preparacion de proceso de Licitación Privada Abierta de Proveedor | D33: Gerencia Fiducia
B34: 4.2 | C34: Apertura y Cierre Proceso Licitacion Ejecutor del proyecto | D34: Fiducia
B35: 4.3 | C35: Selección de Proveedor | D35: Gerencia
B36: 4.4 | C36: Suscripción de pólizas y firma contrato Proveedor | D36: Fiducia Proveedor
B37: 4.6 | C37: Acta de inicio Proveedor | D37: Fiducia
B38: 6. EJECUCION DOTACION IMPLEMNETOS DEPORTIVOS Y PARQUES INFANTILES
B39: 6.1 | C39: Concertación con el proveedor el cronograma de actividades, producción, despacho y entregas | D39: Gerencia Proveedor Interventoria
B40: 6.2 | C40: Aprobación de especificaciones técnicas de dotación deportiva y parques infantiles | D40: Gerencia Interventoria
B41: 6.3 | C41: Proceso de compra de Dotacion deportiva y parques infantiles | D41: Proveedor
B42: 6.4 | C42: Verificación de especificaciones técnicas y calidad en instalaciones del proveedor | D42: Interventoria
B43: 6.5 | C43: Entrega de dotación a Sedes Educativas | D43: Proveedor
B44: 6.6 | C44: Verificacion de entregas en Sitio | D44: Interventoria | AJ44: 1 | AK44: 1 | AL44: 1 | AM44: 1 | AR44: 1
B45: 6.11 | C45: Comité de Seguimiento Mensual | D45: Gerencia Interventoria Supervision MEN
B46: 6.12 | C46: Comité de Seguimiento Quincenal | D46: Gerencia Interventoria Proveedor
B47: 6.13 | C47: Elaboración de informe mensual por parte del Proveedor | D47: Proveedor Mobiliario Escolar
B48: 6.14 | C48: Elaboración de informe mensual por parte de la interventoría | D48: Interventoria
B49: 6.15 | C49: Ejecución del plan de pagos por parte de la FIDUCIA, según indicaciones del Gerente y visto bueno del Interventor, según lo establecido en la orden de compra o en el contrato con el fabricante. | D49: fiducia
B50: 6.16 | C50: Reporte Aplicativo SPI | D50: Gerencia
B51: 6.17 | C51: Reporte Fichas de Seguimiento ART | D51: Gerencia
B52: 7. LIQUIDACION
B53: 7.1 | C53: Comité de Seguimiento Mensual Final | D53: Gerencia Interventoria Supervision MEN
B54: 7.2 | C54: Elaboración de informe Final por parte del Proveedor | D54: Proveedor Mobiliario Escolar
B55: 7.3 | C55: Liquidación contrato proveedor | D55: Gerencia Proveedor Mobiliario Escolar Interventoria Fiducia | AA55: 1 | AB55: 1 | AC55: 1 | AD55: 1 | AE55: 1 | AF55: 1 | AG55: 1 | AH55: 1 | AI55: 1 | AJ55: 1 | AK55: 1 | AL55: 1 | AM55: 1 | AR55: 1 | AS55: 1 | AT55: 1 | AU55: 1
B56: 7.4 | C56: Elaboración de informe Final por parte de la interventoría | D56: Interventoria
B57: 7.5 | C57: Entrega de informe final por parte de la interventoría y notificación al MEN de finalización del proyecto. | D57: interventoría
B58: 7.6 | C58: Liquidación contrato de Interventoría | D58: Interventoria Gerencia Fiducia | AA58: 1 | AB58: 1 | AC58: 1 | AD58: 1 | AE58: 1 | AF58: 1 | AG58: 1 | AH58: 1 | AI58: 1 | AJ58: 1 | AK58: 1 | AL58: 1 | AM58: 1 | AR58: 1 | AS58: 1 | AT58: 1 | AU58: 1 | AV58: 1
B59: 7.7 | C59: Reporte Final del SPI | D59: Gerencia
B60: 7.8 | C60: Reporte de Fichas de Seguimiento | D60: Gerencia
B61: 7.9 | C61: Liquidación contrato de Gerencia | D61: Gerencia Fiducia | N61: 1 | O61: 1 | P61: 1 | Q61: 1 | R61: 1 | S61: 1 | T61: 1 | U61: 1 | V61: 1 | W61: 1 | X61: 1 | Y61: 1 | Z61: 1 | AA61: 1 | AB61: 1 | AC61: 1 | AD61: 1 | AE61: 1 | AF61: 1 | AG61: 1 | AH61: 1 | AI61: 1 | AJ61: 1 | AK61: 1 | AL61: 1 | AM61: 1 | AR61: 1 | AS61: 1 | AT61: 1 | AU61: 1 | AV61: 1 | AW61: 1 | AX61: 1 | AY61: 1 | AZ61: 1
B62: 7.10 | C62: Cierre contrato Fiduciario | D62: Fiducia Contribuyente | E62: 1 | F62: 1 | G62: 1 | H62: 1 | I62: 1 | J62: 1 | K62: 1 | L62: 1 | M62: 1 | N62: 1 | O62: 1 | P62: 1 | Q62: 1 | R62: 1 | S62: 1 | T62: 1 | U62: 1 | V62: 1 | W62: 1 | X62: 1 | Y62: 1 | Z62: 1 | AA62: 1 | AB62: 1 | AC62: 1 | AD62: 1 | AE62: 1 | AF62: 1 | AG62: 1 | AH62: 1 | AI62: 1 | AJ62: 1 | AK62: 1 | AL62: 1 | AM62: 1 | AR62: 1 | AS62: 1 | AT62: 1 | AU62: 1 | AV62: 1 | AW62: 1 | AX62: 1 | AY62: 1 | AZ62: 1
B63: 7.11 | C63: Certificación del MEN del cumplimiento por parte del contribuyente. DIAN | D63: MEN
D65: DETALLE DE CONTRATACION DERIVADA
D66: Contrato | I66: TIEMPO (Meses)
D67: Fiducia del proyecto | I67: 12
D68: Gerencia del Proyecto | I68: 9
D69: Ejecutor Dotación deportiva y parques infatiles | I69: 4
D70: Interventoria | I70: 5

Sheet DIAG CONSOLIDADO
D1: FORTALECIMIENTO INTEGRAL DE LA ACTIVIDAD FÍSICA, RECREACIÓN Y EL DEPORTE A TRAVÉS DE LA DOTACIÓN DE IMPLEMENTOS DEPORTIVOS Y PARQUES INFANTILES EN INSTITUCIONES EDUCATIVAS DE LOS MUNICIPIOS PDET DEL SUR DEL DEPARTAMENTO DE BOLÍVAR | Q1: FORTALECIMIENTO INTEGRAL DE LA ACTIVIDAD FÍSICA, RECREACIÓN Y EL DEPORTE A TRAVÉS DE LA DOTACIÓN DE IMPLEMENTOS DEPORTIVOS Y PARQUES INFANTILES EN INSTITUCIONES EDUCATIVAS DE LOS MUNICIPIOS PDET DEL SUR DEL DEPARTAMENTO DE BOLÍVAR | AH1: FORTALECIMIENTO INTEGRAL DE LA ACTIVIDAD FÍSICA, RECREACIÓN Y EL DEPORTE A TRAVÉS DE LA DOTACIÓN DE IMPLEMENTOS DEPORTIVOS Y PARQUES INFANTILES EN INSTITUCIONES EDUCATIVAS DE LOS MUNICIPIOS PDET DEL SUR DEL DEPARTAMENTO DE BOLÍVAR
A5: # | B5: I.D. | C5: INSTITUCION EDUCATIVA | E5: SEDE EDUCATIVA | F5: LOCALIZACIÓN | I5: TIPO DE JORNADA | J5: NÚMERO AULAS | K5: TOTAL DOCENTES | L5: TOTAL DE ESTUDIANTES | M5: {=+TRANSPOSE(B112:B141)} -> Cancha Multifuncional (Juego x 2) | N5: Juego X 2 Malla Futsala | O5: Tablero Acrílico Baloncesto x2 | P5: Aro metálico en Varilla 45 cm | Q5: Malla Baloncesto | R5: Tubos con Medidas Reglamentarias para Voleibol (x2) | S5: Malla Voleibol | T5: Pito Plástico Tipo Silbato | U5: Cronometro Digital Electrónico m025 | V5: Conos Plásticos 40 cm | W5: Chaleco de Entrenamiento (Tipo Peto) | X5: (paqu x 12) Ula Ula Plano en Plástico 50 cm | Y5: Cuerda de Saltar – Mango de Madera | Z5: Colchoneta Ejercicio con Cremallera | AA5: Balón Tipo 3 Futbol menores de 9 años | AB5: Balón Fútbol Sala | AC5: Balón tipo 5 Fútbol Mayores de 12 años | AD5: Balon Mini Baloncesto No. 3 Menores de 8 años | AE5: Balon Mini Baloncesto No. 5 entre 9 y 12 años | AF5: Balon de Baloncesto No.6 Niños Mayores de 13 años | AG5: Balón de Baloncesto No.7 Niñas Mayores de 13 años | AH5: Balón de Minivoleibol Menores de 13 años | AI5: Balón de Voleibol Mayores de 13 años | AJ5: Tula Balonera en Malla con Reata para Cargar Capacidad 12 | AK5: Paquete por 6 Unidades Bolas Tenis de Mesa | AL5: Malla de Tenis de Mesa | AM5: Raqueta Tenis de mesa (2 Unidades) | AN5: Mesa de Tenis Peglable | AO5: Marcador de Resultados Portatíl del 00 al 33 | AP5: Parques infantiles | AQ5: TOTAL
C6: CÓDIGO DANE IE | D6: SEDE EDUCATIVA | F6: COORDENADA | H6: RURAL /URBANO | M6: NECESIDAD | N6: NECESIDAD | O6: NECESIDAD | P6: NECESIDAD | Q6: NECESIDAD | R6: NECESIDAD | S6: NECESIDAD | T6: NECESIDAD | U6: NECESIDAD | V6: NECESIDAD | W6: NECESIDAD | X6: NECESIDAD | Y6: NECESIDAD | Z6: NECESIDAD | AA6: NECESIDAD | AB6: NECESIDAD | AC6: NECESIDAD | AD6: NECESIDAD | AE6: NECESIDAD | AF6: NECESIDAD | AG6: NECESIDAD | AH6: NECESIDAD | AI6: NECESIDAD | AJ6: NECESIDAD | AK6: NECESIDAD | AL6: NECESIDAD | AM6: NECESIDAD | AN6: NECESIDAD | AO6: NECESIDAD | AP6: NECESIDAD
A7: 1 | B7: EMA TRONCOSO RABELO | C7: 213473001580 | D7: =+C111 -> SAN RAFAEL | E7: 213473000117 | F7: 8.2347103 | G7: -74.293507 | H7: Rural | I7: Mañana | L7: 91 | M7: {=+TRANSPOSE(C112:C140)} -> 1 | N7: 1 | O7: 1 | P7: 2 | Q7: 1 | R7: 1 | S7: 2 | T7: 3 | U7: 3 | V7: 24 | W7: 24 | X7: 10 | Y7: 24 | Z7: 24 | AA7: 5 | AB7: 5 | AC7: 5 | AD7: 5 | AE7: 5 | AF7: 5 | AG7: 5 | AH7: 5 | AI7: 5 | AJ7: 4 | AK7: 3 | AL7: 1 | AM7: 3 | AN7: 1 | AO7: 1 | AP7: 1 | AQ7: =+SUM(M7:AP7) -> 180
A8: 2 | D8: =+D111 -> PEÑONES | E8: 213042000039 | F8: 8.440838 | G8: -73.900042 | H8: Rural | I8: Mañana | L8: 14 | M8: {=+TRANSPOSE(D112:D140)} -> 0 | N8: 0 | O8: 0 | P8: 0 | Q8: 0 | R8: 0 | S8: 0 | T8: 1 | U8: 1 | V8: 24 | W8: 12 | X8: 2 | Y8: 14 | Z8: 14 | AA8: 2 | AB8: 0 | AC8: 1 | AD8: 0 | AE8: 0 | AF8: 0 | AG8: 0 | AH8: 0 | AI8: 0 | AJ8: 1 | AK8: 0 | AL8: 0 | AM8: 0 | AN8: 0 | AO8: 0 | AP8: 1 | AQ8: =+SUM(M8:AP8) -> 73
A9: 3 | D9: SEDE PRINCIPAL | E9: 213473001580 | F9: 8.2347103 | G9: -74.293507 | H9: Rural | I9: Mañana / Fin de Semana | L9: 462 | M9: {=+TRANSPOSE(E112:E140)} -> 1 | N9: 1 | O9: 1 | P9: 2 | Q9: 2 | R9: 2 | S9: 2 | T9: 2 | U9: 2 | V9: 48 | W9: 48 | X9: 30 | Y9: 48 | Z9: 48 | AA9: 10 | AB9: 10 | AC9: 10 | AD9: 10 | AE9: 10 | AF9: 10 | AG9: 10 | AH9: 10 | AI9: 10 | AJ9: 8 | AK9: 3 | AL9: 2 | AM9: 8 | AN9: 2 | AO9: 2 | AP9: 1 | AQ9: =+SUM(M9:AP9) -> 353
A10: 4 | D10: =+F111 -> TEQUENDAMA | E10: 213042000110 | F10: 8.4103145 | G10: -73.877482 | H10: Rural | I10: Mañana | L10: 9 | M10: {=+TRANSPOSE(F112:F140)} -> 0 | N10: 0 | O10: 0 | P10: 0 | Q10: 0 | R10: 0 | S10: 0 | T10: 1 | U10: 1 | V10: 24 | W10: 12 | X10: 1 | Y10: 10 | Z10: 10 | AA10: 1 | AB10: 0 | AC10: 1 | AD10: 0 | AE10: 0 | AF10: 0 | AG10: 0 | AH10: 0 | AI10: 0 | AJ10: 1 | AK10: 0 | AL10: 0 | AM10: 0 | AN10: 0 | AO10: 0 | AP10: 0 | AQ10: =+SUM(M10:AP10) -> 62
A11: 5 | D11: CARNIZALA | E11: 213473000320 | F11: 8.2347103 | G11: -74.293507 | H11: Rural | I11: Mañana | L11: 57 | M11: {=+TRANSPOSE(G112:G140)} -> 1 | N11: 1 | O11: 1 | P11: 2 | Q11: 1 | R11: 1 | S11: 2 | T11: 2 | U11: 1 | V11: 24 | W11: 12 | X11: 5 | Y11: 15 | Z11: 15 | AA11: 2 | AB11: 2 | AC11: 2 | AD11: 2 | AE11: 2 | AF11: 2 | AG11: 2 | AH11: 2 | AI11: 2 | AJ11: 2 | AK11: 3 | AL11: 1 | AM11: 2 | AN11: 1 | AO11: 1 | AP11: 1 | AQ11: =+SUM(M11:AP11) -> 112
A12: SUBTOTAL | L12: =SUM(L7:L11) -> 633 | M12: =SUM(M7:M11) -> 3 | N12: =SUM(N7:N11) -> 3 | O12: =SUM(O7:O11) -> 3 | P12: =SUM(P7:P11) -> 6 | Q12: =SUM(Q7:Q11) -> 4 | R12: =SUM(R7:R11) -> 4 | S12: =SUM(S7:S11) -> 6 | ... AP12: =SUM(AP7:AP11) -> 4
A13: 6 | B13: LA PALMA | C13: 213473000052 | D13: =+H111 -> BOCA DE LA HONDA | E13: 213473000354 | F13: 8.3765305 | G13: -73.877866 | H13: Rural | I13: Mañana / Fin de Semana | L13: 396 | M13: {=+TRANSPOSE(H112:H140)} -> 0 | N13: 0 | O13: 0 | P13: 0 | Q13: 0 | R13: 0 | S13: 0 | T13: 3 | U13: 3 | V13: 36 | W13: 36 | X13: 15 | Y13: 36 | Z13: 36 | AA13: 5 | AB13: 5 | AC13: 5 | AD13: 0 | AE13: 0 | AF13: 0 | AG13: 0 | AH13: 0 | AI13: 0 | AJ13: 2 | AK13: 3 | AL13: 1 | AM13: 4 | AN13: 1 | AO13: 2 | AP13: 1 | AQ13: =+SUM(M13:AP13) -> 194
A14: 7 | D14: GARAVITAS | E14: 213473001008 | F14: 8.4686625 | G14: -73.877763 | H14: Rural | I14: Mañana / Fin de Semana | L14: 24 | M14: {=+TRANSPOSE(I112:I140)} -> 0 | N14: 0 | O14: 0 | P14: 0 | Q14: 0 | R14: 0 | S14: 0 | T14: 2 | U14: 2 | V14: 36 | W14: 24 | X14: 10 | Y14: 24 | Z14: 24 | AA14: 4 | AB14: 4 | AC14: 4 | AD14: 0 | AE14: 0 | AF14: 0 | AG14: 0 | AH14: 0 | AI14: 0 | AJ14: 1 | AK14: 2 | AL14: 1 | AM14: 2 | AN14: 1 | AO14: 1 | AP14: 1 | AQ14: =+SUM(M14:AP14) -> 143
A15: 8 | D15: =+J111 -> PUERTO RICO | E15: 213473001750 | F15: 8.2766224 | G15: -73.869066 | H15: Rural | I15: Mañana | L15: 19 | M15: {=+TRANSPOSE(J112:J140)} -> 0 | N15: 0 | O15: 0 | P15: 0 | Q15: 0 | R15: 0 | S15: 0 | T15: 1 | U15: 1 | V15: 24 | W15: 12 | X15: 2 | Y15: 19 | Z15: 19 | AA15: 1 | AB15: 1 | AC15: 1 | AD15: 0 | AE15: 0 | AF15: 0 | AG15: 0 | AH15: 0 | AI15: 0 | AJ15: 1 | AK15: 0 | AL15: 0 | AM15: 0 | AN15: 0 | AO15: 1 | AP15: 1 | AQ15: =+SUM(M15:AP15) -> 84
A16: 9 | D16: =+K111 -> SIMOHA | E16: 213473001733 | F16: 8.2759858 | G16: -73.895903 | H16: Rural | I16: Mañana | L16: 7 | M16: {=+TRANSPOSE(K112:K140)} -> 0 | N16: 0 | O16: 0 | P16: 0 | Q16: 0 | R16: 0 | S16: 0 | T16: 1 | U16: 1 | V16: 24 | W16: 12 | X16: 1 | Y16: 7 | Z16: 7 | AA16: 1 | AB16: 1 | AC16: 1 | AD16: 0 | AE16: 0 | AF16: 0 | AG16: 0 | AH16: 0 | AI16: 0 | AJ16: 1 | AK16: 0 | AL16: 0 | AM16: 0 | AN16: 0 | AO16: 1 | AP16: 0 | AQ16: =+SUM(M16:AP16) -> 58
A17: 10 | D17: =+L111 -> LA PALMA PRINCIPAL | E17: 213473000052 | F17: 8.4685887 | G17: -73.877873 | H17: Rural | I17: Mañana / Fin de Semana | L17: 198 | M17: {=+TRANSPOSE(L112:L140)} -> 1 | N17: 1 | O17: 1 | P17: 2 | Q17: 2 | R17: 2 | S17: 1 | T17: 2 | U17: 2 | V17: 36 | W17: 24 | X17: 10 | Y17: 24 | Z17: 24 | AA17: 4 | AB17: 4 | AC17: 4 | AD17: 4 | AE17: 4 | AF17: 4 | AG17: 4 | AH17: 4 | AI17: 4 | AJ17: 3 | AK17: 2 | AL17: 1 | AM17: 2 | AN17: 1 | AO17: 2 | AP17: 1 | AQ17: =+SUM(M17:AP17) -> 180
A18: 11 | D18: =+M111 -> LA ARCADIA | E18: 213473000788 | F18: 8.4685652 | G18: -73.877728 | H18: Rural | I18: Mañana / nocturna | L18: 41 | M18: {=+TRANSPOSE(M112:M140)} -> 0 | N18: 0 | O18: 0 | P18: 0 | Q18: 0 | R18: 0 | S18: 0 | T18: 1 | U18: 1 | V18: 24 | W18: 24 | X18: 5 | Y18: 24 | Z18: 24 | AA18: 3 | AB18: 3 | AC18: 3 | AD18: 0 | AE18: 0 | AF18: 0 | AG18: 0 | AH18: 0 | AI18: 0 | AJ18: 1 | AK18: 2 | AL18: 1 | AM18: 1 | AN18: 1 | AO18: 1 | AP18: 1 | AQ18: =+SUM(M18:AP18) -> 120
A19: 12 | D19: =+N111 -> LA ESMERALDA | E19: 213473000079 | F19: 8.330561 | G19: -73.86643 | H19: Rural | I19: Mañana / Fin de Semana | L19: 148 | M19: {=+TRANSPOSE(N112:N140)} -> 0 | N19: 0 | O19: 0 | P19: 0 | Q19: 0 | R19: 0 | S19: 0 | T19: 2 | U19: 2 | V19: 36 | W19: 36 | X19: 10 | Y19: 24 | Z19: 24 | AA19: 4 | AB19: 4 | AC19: 4 | AD19: 0 | AE19: 0 | AF19: 0 | AG19: 0 | AH19: 0 | AI19: 0 | AJ19: 1 | AK19: 3 | AL19: 1 | AM19: 2 | AN19: 1 | AO19: 1 | AP19: 1 | AQ19: =+SUM(M19:AP19) -> 156
A20: 13 | D20: =+O111 -> LA HORNILLA | E20: 213473001016 | F20: 8.3471853 | G20: -73.883536 | H20: Rural | I20: Mañana | L20: 10 | M20: {=+TRANSPOSE(O112:O140)} -> 0 | N20: 0 | O20: 0 | P20: 0 | Q20: 0 | R20: 0 | S20: 0 | T20: 1 | U20: 1 | V20: 24 | W20: 12 | X20: 1 | Y20: 10 | Z20: 10 | AA20: 1 | AB20: 1 | AC20: 1 | AD20: 0 | AE20: 0 | AF20: 0 | AG20: 0 | AH20: 0 | AI20: 0 | AJ20: 1 | AK20: 0 | AL20: 0 | AM20: 0 | AN20: 0 | AO20: 0 | AP20: 1 | AQ20: =+SUM(M20:AP20) -> 64
A21: 14 | D21: =+P111 -> SIMOHITA | E21: 213473001385 | F21: 8.303061 | G21: -73.902818 | H21: Rural | I21: Mañana / Fin de Semana | L21: 58 | M21: {=+TRANSPOSE(P112:P140)} -> 0 | N21: 0 | O21: 0 | P21: 0 | Q21: 0 | R21: 0 | S21: 0 | T21: 1 | U21: 1 | V21: 24 | W21: 24 | X21: 5 | Y21: 24 | Z21: 24 | AA21: 3 | AB21: 3 | AC21: 3 | AD21: 0 | AE21: 0 | AF21: 0 | AG21: 0 | AH21: 0 | AI21: 0 | AJ21: 1 | AK21: 2 | AL21: 1 | AM21: 1 | AN21: 1 | AO21: 1 | AP21: 1 | AQ21: =+SUM(M21:AP21) -> 120
A22: SUBTOTAL | L22: =SUM(L13:L21) -> 901 | M22: =SUM(M13:M21) -> 1 | N22: =SUM(N13:N21) -> 1 | O22: =SUM(O13:O21) -> 1 | P22: =SUM(P13:P21) -> 2 | Q22: =SUM(Q13:Q21) -> 2 | R22: =SUM(R13:R21) -> 2 | S22: =SUM(S13:S21) -> 1 | ... AP22: =SUM(AP13:AP21) -> 8
A23: 15 | B23: LA VICTORIA - CANTAGALLO | C23: 213160000060 | D23: {=+TRANSPOSE(Q111:AH111)} -> EL CAGUI | E23: 213670000641 | F23: 7.2128772 | G23: -74.057547 | H23: Rural | I23: Mañana | L23: 84 | M23: {=+TRANSPOSE(Q112:Q140)} -> 1 | N23: 1 | O23: 1 | P23: 2 | Q23: 1 | R23: 1 | S23: 2 | T23: 2 | U23: 1 | V23: 24 | W23: 12 | X23: 5 | Y23: 15 | Z23: 15 | AA23: 2 | AB23: 2 | AC23: 2 | AD23: 2 | AE23: 2 | AF23: 2 | AG23: 2 | AH23: 2 | AI23: 2 | AJ23: 2 | AK23: 3 | AL23: 1 | AM23: 2 | AN23: 1 | AO23: 1 | AP23: 1 | AQ23: =+SUM(M23:AP23) -> 112
A24: 16 | D24: LA GRANJA | E24: 213160001350 | F24: 7.3991176 | G24: -73.924559 | H24: Rural | I24: Mañana | L24: 9 | M24: {=+TRANSPOSE(R112:R140)} -> 0 | N24: 0 | O24: 0 | P24: 0 | Q24: 0 | R24: 0 | S24: 0 | T24: 1 | U24: 1 | V24: 24 | W24: 12 | X24: 1 | Y24: 10 | Z24: 10 | AA24: 1 | AB24: 1 | AC24: 1 | AD24: 0 | AE24: 0 | AF24: 0 | AG24: 0 | AH24: 0 | AI24: 0 | AJ24: 1 | AK24: 0 | AL24: 0 | AM24: 0 | AN24: 0 | AO24: 1 | AP24: 0 | AQ24: =+SUM(M24:AP24) -> 64
A25: 17 | D25: EL DIAMANTE | E25: 213160001287 | F25: 7.2444779 | G25: -74.007575 | H25: Rural | I25: Mañana | L25: 28 | M25: {=+TRANSPOSE(S112:S140)} -> 0 | N25: 0 | O25: 0 | P25: 0 | Q25: 0 | R25: 0 | S25: 0 | T25: 1 | U25: 1 | V25: 24 | W25: 12 | X25: 2 | Y25: 24 | Z25: 24 | AA25: 1 | AB25: 1 | AC25: 1 | AD25: 0 | AE25: 0 | AF25: 0 | AG25: 0 | AH25: 0 | AI25: 0 | AJ25: 1 | AK25: 0 | AL25: 0 | AM25: 0 | AN25: 0 | AO25: 1 | AP25: 1 | AQ25: =+SUM(M25:AP25) -> 94
A26: 18 | D26: EL FIRME | E26: 213160001341 | F26: 7.3994745 | G26: -73.958537 | H26: Rural | I26: Mañana | L26: 11 | M26: {=+TRANSPOSE(T112:T140)} -> 0 | N26: 0 | O26: 0 | P26: 0 | Q26: 0 | R26: 0 | S26: 0 | T26: 1 | U26: 1 | V26: 24 | W26: 12 | X26: 1 | Y26: 11 | Z26: 11 | AA26: 1 | AB26: 1 | AC26: 1 | AD26: 0 | AE26: 0 | AF26: 0 | AG26: 0 | AH26: 0 | AI26: 0 | AJ26: 1 | AK26: 0 | AL26: 0 | AM26: 0 | AN26: 0 | AO26: 1 | AP26: 1 | AQ26: =+SUM(M26:AP26) -> 67
A27: 19 | D27: LIMON ALTO | E27: 213670000994 | F27: 7.2128772 | G27: -74.057547 | H27: Rural | I27: Mañana / Tarde | L27: 20 | M27: {=+TRANSPOSE(U112:U140)} -> 0 | N27: 0 | O27: 0 | P27: 0 | Q27: 0 | R27: 0 | S27: 0 | T27: 1 | U27: 1 | V27: 24 | W27: 12 | X27: 2 | Y27: 24 | Z27: 20 | AA27: 1 | AB27: 1 | AC27: 1 | AD27: 0 | AE27: 0 | AF27: 0 | AG27: 0 | AH27: 0 | AI27: 0 | AJ27: 1 | AK27: 0 | AL27: 0 | AM27: 0 | AN27: 0 | AO27: 1 | AP27: 1 | AQ27: =+SUM(M27:AP27) -> 90
A28: 20 | D28: EL PORVENIR | E28: 213160800015 | F28: 7.3719204 | G28: -73.940691 | H28: Rural | I28: Mañana | L28: 10 | M28: {=+TRANSPOSE(V112:V140)} -> 0 | N28: 0 | O28: 0 | P28: 0 | Q28: 0 | R28: 0 | S28: 0 | T28: 2 | U28: 2 | V28: 24 | W28: 20 | X28: 20 | Y28: 20 | Z28: 10 | AA28: 3 | AB28: 3 | AC28: 3 | AD28: 3 | AE28: 3 | AF28: 3 | AG28: 3 | AH28: 3 | AI28: 3 | AJ28: 1 | AK28: 2 | AL28: 1 | AM28: 2 | AN28: 1 | AO28: 2 | AP28: 1 | AQ28: =+SUM(M28:AP28) -> 135
A29: 21 | D29: LA FLORESTA | E29: 213160001155 | F29: 7.3510763 | G29: -74.040914 | H29: Rural | I29: Mañana | L29: 9 | M29: {=+TRANSPOSE(W112:W140)} -> 1 | N29: 1 | O29: 2 | P29: 2 | Q29: 2 | R29: 2 | S29: 1 | T29: 1 | U29: 1 | V29: 24 | W29: 12 | X29: 1 | Y29: 10 | Z29: 10 | AA29: 1 | AB29: 1 | AC29: 1 | AD29: 1 | AE29: 1 | AF29: 1 | AG29: 1 | AH29: 1 | AI29: 1 | AJ29: 1 | AK29: 0 | AL29: 0 | AM29: 0 | AN29: 0 | AO29: 1 | AP29: 0 | AQ29: =+SUM(M29:AP29) -> 81
A30: 22 | D30: LA FORTUNA | E30: 213160800031 | F30: 7.3719204 | G30: -73.940691 | H30: Rural | I30: Mañana | L30: 12 | M30: {=+TRANSPOSE(X112:X140)} -> 1 | N30: 1 | O30: 2 | P30: 2 | Q30: 2 | R30: 2 | S30: 1 | T30: 1 | U30: 1 | V30: 24 | W30: 12 | X30: 1 | Y30: 12 | Z30: 12 | AA30: 1 | AB30: 1 | AC30: 1 | AD30: 1 | AE30: 1 | AF30: 1 | AG30: 1 | AH30: 1 | AI30: 1 | AJ30: 1 | AK30: 0 | AL30: 0 | AM30: 0 | AN30: 0 | AO30: 1 | AP30: 1 | AQ30: =+SUM(M30:AP30) -> 86
A31: 23 | D31: LA PALUA | E31: 213160000094 | F31: 7.3644251 | G31: -73.983307 | H31: Rural | I31: Mañana | L31: 8 | M31: {=+TRANSPOSE(Y112:Y140)} -> 1 | N31: 1 | O31: 2 | P31: 2 | Q31: 2 | R31: 2 | S31: 1 | T31: 1 | U31: 1 | V31: 24 | W31: 12 | X31: 1 | Y31: 10 | Z31: 10 | AA31: 1 | AB31: 1 | AC31: 1 | AD31: 1 | AE31: 1 | AF31: 1 | AG31: 1 | AH31: 1 | AI31: 1 | AJ31: 1 | AK31: 0 | AL31: 0 | AM31: 0 | AN31: 0 | AO31: 1 | AP31: 0 | AQ31: =+SUM(M31:AP31) -> 81
A32: 24 | D32: LA PEÑA | E32: 213160000132 | F32: 7.357136 | G32: -73.951218 | H32: Rural | I32: Mañana | L32: 17 | M32: {=+TRANSPOSE(Z112:Z140)} -> 1 | N32: 1 | O32: 2 | P32: 2 | Q32: 2 | R32: 2 | S32: 1 | T32: 1 | U32: 1 | V32: 24 | W32: 12 | X32: 2 | Y32: 17 | Z32: 17 | AA32: 1 | AB32: 1 | AC32: 1 | AD32: 1 | AE32: 1 | AF32: 1 | AG32: 1 | AH32: 1 | AI32: 1 | AJ32: 1 | AK32: 0 | AL32: 0 | AM32: 0 | AN32: 0 | AO32: 1 | AP32: 1 | AQ32: =+SUM(M32:AP32) -> 97
A33: 25 | D33: LA POZA | E33: 213160000043 | F33: 7.3144609 | G33: -73.992475 | H33: Rural | I33: Mañana | L33: 30 | M33: {=+TRANSPOSE(AA112:AA140)} -> 1 | N33: 1 | O33: 2 | P33: 2 | Q33: 2 | R33: 2 | S33: 1 | T33: 1 | U33: 1 | V33: 24 | W33: 12 | X33: 3 | Y33: 30 | Z33: 30 | AA33: 1 | AB33: 1 | AC33: 1 | AD33: 1 | AE33: 1 | AF33: 1 | AG33: 1 | AH33: 1 | AI33: 1 | AJ33: 2 | AK33: 1 | AL33: 1 | AM33: 2 | AN33: 1 | AO33: 1 | AP33: 1 | AQ33: =+SUM(M33:AP33) -> 130
A34: 26 | D34: CORONCOROS | E34: 213160001317 | F34: 7.3404401 | G34: -73.960393 | H34: Rural | I34: Mañana | L34: 22 | M34: {=+TRANSPOSE(AB112:AB140)} -> 0 | N34: 0 | O34: 0 | P34: 0 | Q34: 0 | R34: 0 | S34: 0 | T34: 1 | U34: 1 | V34: 24 | W34: 12 | X34: 2 | Y34: 24 | Z34: 22 | AA34: 1 | AB34: 1 | AC34: 1 | AD34: 0 | AE34: 0 | AF34: 0 | AG34: 0 | AH34: 0 | AI34: 0 | AJ34: 1 | AK34: 0 | AL34: 0 | AM34: 0 | AN34: 0 | AO34: 1 | AP34: 1 | AQ34: =+SUM(M34:AP34) -> 92
A35: 27 | D35: MURIBA | E35: 213160001279 | F35: 7.3363712 | G35: -73.973171 | H35: Rural | I35: Mañana | L35: 26 | M35: {=+TRANSPOSE(AC112:AC140)} -> 1 | N35: 1 | O35: 2 | P35: 2 | Q35: 2 | R35: 2 | S35: 1 | T35: 1 | U35: 1 | V35: 24 | W35: 12 | X35: 3 | Y35: 26 | Z35: 26 | AA35: 1 | AB35: 1 | AC35: 1 | AD35: 1 | AE35: 1 | AF35: 1 | AG35: 1 | AH35: 1 | AI35: 1 | AJ35: 1 | AK35: 0 | AL35: 0 | AM35: 0 | AN35: 0 | AO35: 1 | AP35: 1 | AQ35: =+SUM(M35:AP35) -> 116
A36: 28 | D36: NO HAY COMO DIOS | E36: 213160001333 | F36: 7.2465322 | G36: -74.024506 | H36: Rural | I36: Mañana | L36: 7 | M36: {=+TRANSPOSE(AD112:AD140)} -> 0 | N36: 0 | O36: 0 | P36: 0 | Q36: 0 | R36: 0 | S36: 0 | T36: 1 | U36: 1 | V36: 24 | W36: 12 | X36: 1 | Y36: 7 | Z36: 7 | AA36: 1 | AB36: 1 | AC36: 1 | AD36: 0 | AE36: 0 | AF36: 0 | AG36: 0 | AH36: 0 | AI36: 0 | AJ36: 1 | AK36: 0 | AL36: 0 | AM36: 0 | AN36: 0 | AO36: 1 | AP36: 0 | AQ36: =+SUM(M36:AP36) -> 58
A37: 29 | D37: PATIO BONITO | E37: 213160001254 | F37: 7.4288133 | G37: -73.918562 | H37: Rural | I37: Mañana | L37: 16 | M37: {=+TRANSPOSE(AE112:AE140)} -> 0 | N37: 0 | O37: 0 | P37: 0 | Q37: 0 | R37: 0 | S37: 0 | T37: 1 | U37: 1 | V37: 24 | W37: 12 | X37: 2 | Y37: 16 | Z37: 16 | AA37: 1 | AB37: 1 | AC37: 1 | AD37: 0 | AE37: 0 | AF37: 0 | AG37: 0 | AH37: 0 | AI37: 0 | AJ37: 1 | AK37: 0 | AL37: 0 | AM37: 0 | AN37: 0 | AO37: 1 | AP37: 1 | AQ37: =+SUM(M37:AP37) -> 78
A38: 30 | D38: SEDE PRINCIPAL | E38: 213160000060 | F38: 7.3434998 | G38: -74.016289 | H38: Rural | I38: Mañana | L38: 159 | M38: {=+TRANSPOSE(AF112:AF140)} -> 1 | N38: 1 | O38: 1 | P38: 2 | Q38: 2 | R38: 2 | S38: 1 | T38: 2 | U38: 2 | V38: 36 | W38: 24 | X38: 10 | Y38: 24 | Z38: 24 | AA38: 4 | AB38: 4 | AC38: 4 | AD38: 4 | AE38: 4 | AF38: 4 | AG38: 4 | AH38: 4 | AI38: 4 | AJ38: 3 | AK38: 2 | AL38: 1 | AM38: 2 | AN38: 1 | AO38: 2 | AP38: 1 | AQ38: =+SUM(M38:AP38) -> 180
A39: 31 | D39: SAN JUAN MEDIO | E39: 213160001368 | F39: 7.3355146 | G39: -73.949686 | H39: Rural | I39: Mañana | L39: 103 | M39: {=+TRANSPOSE(AG112:AG140)} -> 0 | N39: 0 | O39: 0 | P39: 0 | Q39: 0 | R39: 0 | S39: 0 | T39: 2 | U39: 2 | V39: 36 | W39: 24 | X39: 8 | Y39: 36 | Z39: 24 | AA39: 3 | AB39: 3 | AC39: 3 | AD39: 0 | AE39: 0 | AF39: 0 | AG39: 0 | AH39: 0 | AI39: 0 | AJ39: 1 | AK39: 1 | AL39: 2 | AM39: 3 | AN39: 2 | AO39: 2 | AP39: 1 | AQ39: =+SUM(M39:AP39) -> 153
A40: 32 | D40: YANACUE | E40: 213670000986 | F40: 7.2128772 | G40: -74.057547 | H40: Rural | I40: Mañana | L40: 15 | M40: {=+TRANSPOSE(AH112:AH140)} -> 0 | N40: 0 | O40: 0 | P40: 0 | Q40: 0 | R40: 0 | S40: 0 | T40: 1 | U40: 1 | V40: 24 | W40: 12 | X40: 2 | Y40: 15 | Z40: 15 | AA40: 1 | AB40: 1 | AC40: 1 | AD40: 0 | AE40: 0 | AF40: 0 | AG40: 0 | AH40: 0 | AI40: 0 | AJ40: 1 | AK40: 0 | AL40: 0 | AM40: 0 | AN40: 0 | AO40: 1 | AP40: 1 | AQ40: =+SUM(M40:AP40) -> 76
A41: SUBTOTAL | L41: =SUM(L23:L40) -> 586 | M41: =SUM(M23:M40) -> 8 | N41: =SUM(N23:N40) -> 8 | O41: =SUM(O23:O40) -> 14 | P41: =SUM(P23:P40) -> 16 | Q41: =SUM(Q23:Q40) -> 15 | R41: =SUM(R23:R40) -> 15 | S41: =SUM(S23:S40) -> 9 | ... AP41: =SUM(AP23:AP40) -> 14
A42: 33 | B42: I.E. MONTERREY | C42: 213744001238 | D42: =+AI111 -> SEDE PRINCIPAL | E42: 213744001238 | F42: 7.73917 | G42: -74.011144 | H42: Rural | I42: Mañana / Nocturna | L42: 303 | M42: {=+TRANSPOSE(AI112:AI140)} -> 1 | N42: 1 | O42: 1 | P42: 1 | Q42: 2 | R42: 2 | S42: 2 | T42: 2 | U42: 2 | V42: 24 | W42: 48 | X42: 30 | Y42: 36 | Z42: 24 | AA42: 5 | AB42: 5 | AC42: 5 | AD42: 5 | AE42: 5 | AF42: 5 | AG42: 5 | AH42: 5 | AI42: 5 | AJ42: 4 | AK42: 3 | AL42: 2 | AM42: 4 | AN42: 2 | AO42: 2 | AP42: 1 | AQ42: =+SUM(M42:AP42) -> 239
A43: 34 | D43: =+AJ111 -> TIGUI BAJO | E43: 213744001815 | F43: 7.7538703 | G43: -74.089597 | H43: Rural | I43: Mañana / Nocturna | L43: 14 | M43: {=+TRANSPOSE(AJ112:AJ140)} -> 0 | N43: 0 | O43: 0 | P43: 0 | Q43: 0 | R43: 0 | S43: 0 | T43: 1 | U43: 1 | V43: 24 | W43: 12 | X43: 2 | Y43: 14 | Z43: 14 | AA43: 1 | AB43: 1 | AC43: 1 | AD43: 0 | AE43: 0 | AF43: 0 | AG43: 0 | AH43: 0 | AI43: 0 | AJ43: 1 | AK43: 0 | AL43: 0 | AM43: 0 | AN43: 0 | AO43: 1 | AP43: 1 | AQ43: =+SUM(M43:AP43) -> 74
A44: 35 | D44: =+AK111 -> PARAISO | E44: 213744000321 | F44: 8.0091637 | G44: -73.950991 | H44: Rural | I44: Mañana | L44: 11 | M44: {=+TRANSPOSE(AK112:AK140)} -> 0 | N44: 0 | O44: 0 | P44: 0 | Q44: 0 | R44: 0 | S44: 0 | T44: 1 | U44: 1 | V44: 24 | W44: 12 | X44: 2 | Y44: 11 | Z44: 11 | AA44: 1 | AB44: 1 | AC44: 1 | AD44: 0 | AE44: 0 | AF44: 0 | AG44: 0 | AH44: 0 | AI44: 0 | AJ44: 1 | AK44: 0 | AL44: 0 | AM44: 0 | AN44: 0 | AO44: 1 | AP44: 1 | AQ44: =+SUM(M44:AP44) -> 68
A45: 36 | D45: =+AL111 -> AGUAS LINDAS | E45: 213744002307 | F45: 8.0091637 | G45: -73.950991 | H45: Rural | I45: Mañana | L45: 10 | M45: {=+TRANSPOSE(AL112:AL140)} -> 0 | N45: 0 | O45: 0 | P45: 0 | Q45: 0 | R45: 0 | S45: 0 | T45: 1 | U45: 1 | V45: 24 | W45: 12 | X45: 2 | Y45: 10 | Z45: 10 | AA45: 1 | AB45: 1 | AC45: 1 | AD45: 0 | AE45: 0 | AF45: 0 | AG45: 0 | AH45: 0 | AI45: 0 | AJ45: 1 | AK45: 0 | AL45: 0 | AM45: 0 | AN45: 0 | AO45: 1 | AP45: 1 | AQ45: =+SUM(M45:AP45) -> 66
A46: 37 | D46: =+AM111 -> LAS PAVAS | E46: 213744002504 | F46: 7.6118596 | G46: -74.135583 | H46: Rural | I46: Mañana | L46: 11 | M46: {=+TRANSPOSE(AM112:AM140)} -> 0 | N46: 0 | O46: 0 | P46: 0 | Q46: 0 | R46: 0 | S46: 0 | T46: 1 | U46: 1 | V46: 24 | W46: 12 | X46: 2 | Y46: 11 | Z46: 11 | AA46: 1 | AB46: 1 | AC46: 1 | AD46: 0 | AE46: 0 | AF46: 0 | AG46: 0 | AH46: 0 | AI46: 0 | AJ46: 1 | AK46: 0 | AL46: 0 | AM46: 0 | AN46: 0 | AO46: 1 | AP46: 1 | AQ46: =+SUM(M46:AP46) -> 68
A47: 38 | D47: =+AN111 -> LA MAYA | E47: 213744000037 | F47: 7.6728186 | G47: -74.064164 | H47: Rural | I47: Mañana | L47: 9 | M47: {=+TRANSPOSE(AN112:AN140)} -> 0 | N47: 0 | O47: 0 | P47: 0 | Q47: 0 | R47: 0 | S47: 0 | T47: 1 | U47: 1 | V47: 24 | W47: 12 | X47: 2 | Y47: 9 | Z47: 9 | AA47: 1 | AB47: 1 | AC47: 1 | AD47: 0 | AE47: 0 | AF47: 0 | AG47: 0 | AH47: 0 | AI47: 0 | AJ47: 1 | AK47: 0 | AL47: 0 | AM47: 0 | AN47: 0 | AO47: 1 | AQ47: =+SUM(M47:AP47) -> 63
A48: 39 | D48: =+AO111 -> CUADRO | E48: 213744001475 | F48: 7.7905785 | G48: -74.00169 | H48: Rural | I48: Mañana | L48: 11 | M48: {=+TRANSPOSE(AO112:AO140)} -> 0 | N48: 0 | O48: 0 | P48: 0 | Q48: 0 | R48: 0 | S48: 0 | T48: 1 | U48: 1 | V48: 24 | W48: 12 | X48: 2 | Y48: 16 | Z48: 16 | AA48: 1 | AB48: 1 | AC48: 1 | AD48: 0 | AE48: 0 | AF48: 0 | AG48: 0 | AH48: 0 | AI48: 0 | AJ48: 1 | AK48: 0 | AL48: 0 | AM48: 0 | AN48: 0 | AO48: 1 | AP48: 1 | AQ48: =+SUM(M48:AP48) -> 78
A49: 40 | D49: =+AP111 -> DIAMANTE | E49: 213744002200 | F49: 7.5762733 | G49: -74.152136 | H49: Rural | I49: Mañana | L49: 35 | M49: {=+TRANSPOSE(AP112:AP140)} -> 1 | N49: 1 | O49: 2 | P49: 2 | Q49: 2 | R49: 2 | S49: 1 | T49: 2 | U49: 2 | V49: 24 | W49: 24 | X49: 20 | Y49: 36 | Z49: 24 | AA49: 2 | AB49: 2 | AC49: 2 | AD49: 2 | AE49: 2 | AF49: 2 | AG49: 2 | AH49: 2 | AI49: 2 | AJ49: 1 | AK49: 2 | AL49: 1 | AM49: 2 | AN49: 1 | AO49: 2 | AP49: 1 | AQ49: =+SUM(M49:AP49) -> 171
A50: 41 | D50: =+AQ111 -> HUMADERITA BAJA | E50: 213744000177 | F50: 7.7109641 | G50: -74.050549 | H50: Rural | I50: Mañana | L50: 14 | M50: {=+TRANSPOSE(AQ112:AQ140)} -> 0 | N50: 0 | O50: 0 | P50: 0 | Q50: 0 | R50: 0 | S50: 0 | T50: 1 | U50: 1 | V50: 24 | W50: 12 | X50: 2 | Y50: 14 | Z50: 14 | AA50: 1 | AB50: 1 | AC50: 1 | AD50: 0 | AE50: 0 | AF50: 0 | AG50: 0 | AH50: 0 | AI50: 0 | AJ50: 1 | AK50: 0 | AL50: 0 | AM50: 0 | AN50: 0 | AO50: 1 | AP50: 1 | AQ50: =+SUM(M50:AP50) -> 74
A51: 42 | D51: =+AR111 -> TRIANGULO | E51: 213744002501 | F51: 7.7406594 | G51: -74.00908 | H51: Rural | I51: Mañana | L51: 11 | M51: {=+TRANSPOSE(AR112:AR140)} -> 0 | N51: 0 | O51: 0 | P51: 0 | Q51: 0 | R51: 0 | S51: 0 | T51: 1 | U51: 1 | V51: 24 | W51: 12 | X51: 2 | Y51: 11 | Z51: 11 | AA51: 1 | AB51: 1 | AC51: 1 | AD51: 0 | AE51: 0 | AF51: 0 | AG51: 0 | AH51: 0 | AI51: 0 | AJ51: 1 | AK51: 0 | AL51: 0 | AM51: 0 | AN51: 0 | AO51: 1 | AP51: 1 | AQ51: =+SUM(M51:AP51) -> 68
A52: SUBTOTAL | L52: =SUM(L42:L51) -> 429 | M52: =+SUM(M42:M51) -> 2 | N52: =+SUM(N42:N51) -> 2 | O52: =+SUM(O42:O51) -> 3 | P52: =+SUM(P42:P51) -> 3 | Q52: =+SUM(Q42:Q51) -> 4 | R52: =+SUM(R42:R51) -> 4 | S52: =+SUM(S42:S51) -> 3 | T52: =+SUM(T42:T51) -> 12 | ... AP52: =+SUM(AP42:AP51) -> 9
A53: 43 | B53: I.E. POZO AZUL SAN PABLO | C53: 213670000200 | D53: EL BOSQUE | E53: 113670001392 | F53: 7.4770619 | G53: -73.934582 | H53: Rural | I53: Mañana / Tarde | L53: 764 | M53: {=+TRANSPOSE(AS112:AS140)} -> 0 | N53: 0 | O53: 0 | P53: 0 | Q53: 0 | R53: 0 | S53: 0 | T53: 2 | U53: 2 | V53: 48 | W53: 48 | X53: 20 | Y53: 48 | Z53: 48 | AA53: 5 | AB53: 5 | AC53: 5 | AD53: 5 | AE53: 5 | AF53: 5 | AG53: 5 | AH53: 5 | AI53: 5 | AJ53: 4 | AK53: 4 | AL53: 2 | AM53: 3 | AN53: 2 | AO53: 2 | AP53: 1 | AQ53: =+SUM(M53:AP53) -> 279
A54: 44 | D54: PATIO BONITO | E54: 213670000480 | F54: 7.658294 | G54: -73.951136 | H54: Rural | I54: Mañana / Fin de Semana | L54: 20 | M54: {=+TRANSPOSE(AT112:AT140)} -> 0 | N54: 0 | O54: 0 | P54: 0 | Q54: 0 | R54: 0 | S54: 0 | T54: 1 | U54: 1 | V54: 24 | W54: 12 | X54: 2 | Y54: 20 | Z54: 20 | AA54: 1 | AB54: 1 | AC54: 1 | AD54: 0 | AE54: 0 | AF54: 0 | AG54: 0 | AH54: 0 | AI54: 0 | AJ54: 1 | AK54: 0 | AL54: 0 | AM54: 0 | AN54: 0 | AO54: 1 | AP54: 1 | AQ54: =+SUM(M54:AP54) -> 86
A55: 45 | D55: VIRGENCITA | E55: 213670000099 | F55: 7.532284 | G55: -73.933889 | H55: Rural | I55: Mañana | L55: 23 | M55: {=+TRANSPOSE(AU112:AU140)} -> 0 | N55: 0 | O55: 0 | P55: 0 | Q55: 0 | R55: 0 | S55: 0 | T55: 1 | U55: 1 | V55: 24 | W55: 12 | X55: 2 | Y55: 23 | Z55: 23 | AA55: 1 | AB55: 1 | AC55: 1 | AD55: 0 | AE55: 0 | AF55: 0 | AG55: 0 | AH55: 0 | AI55: 0 | AJ55: 1 | AK55: 0 | AL55: 0 | AM55: 0 | AN55: 0 | AO55: 1 | AP55: 1 | AQ55: =+SUM(M55:AP55) -> 92
A56: 46 | D56: JARDIN | E56: 213670000978 | F56: 7.503547 | G56: -73.943574 | H56: Rural | I56: Mañana | L56: 12 | M56: {=+TRANSPOSE(AV112:AV140)} -> 0 | N56: 0 | O56: 0 | P56: 0 | Q56: 0 | R56: 0 | S56: 0 | T56: 1 | U56: 1 | V56: 24 | W56: 12 | X56: 2 | Y56: 12 | Z56: 12 | AA56: 1 | AB56: 1 | AC56: 1 | AD56: 0 | AE56: 0 | AF56: 0 | AG56: 0 | AH56: 0 | AI56: 0 | AJ56: 1 | AK56: 0 | AL56: 0 | AM56: 0 | AN56: 0 | AO56: 1 | AP56: 1 | AQ56: =+SUM(M56:AP56) -> 70
A57: 47 | D57: LA UNIÓN | E57: 213670000692 | F57: 7.7065323 | G57: -73.89101 | H57: Rural | I57: Mañana | L57: 5 | M57: {=+TRANSPOSE(AW112:AW140)} -> 0 | N57: 0 | O57: 0 | P57: 0 | Q57: 0 | R57: 0 | S57: 0 | T57: 1 | U57: 1 | V57: 24 | W57: 12 | X57: 2 | Y57: 6 | Z57: 6 | AA57: 1 | AB57: 1 | AC57: 1 | AD57: 0 | AE57: 0 | AF57: 0 | AG57: 0 | AH57: 0 | AI57: 0 | AJ57: 1 | AK57: 0 | AL57: 0 | AM57: 0 | AN57: 0 | AO57: 1 | AP57: 0 | AQ57: =+SUM(M57:AP57) -> 57
A58: 48 | D58: LA FRIA | E58: 213670000927 | F58: 7.54007 | G58: -74.120475 | H58: Rural | I58: Mañana / Tarde | L58: 14 | M58: {=+TRANSPOSE(AX112:AX140)} -> 0 | N58: 0 | O58: 0 | P58: 0 | Q58: 0 | R58: 0 | S58: 0 | T58: 1 | U58: 1 | V58: 24 | W58: 12 | X58: 2 | Y58: 14 | Z58: 14 | AA58: 1 | AB58: 1 | AC58: 1 | AD58: 0 | AE58: 0 | AF58: 0 | AG58: 0 | AH58: 0 | AI58: 0 | AJ58: 1 | AK58: 0 | AL58: 0 | AM58: 0 | AN58: 0 | AO58: 1 | AP58: 1 | AQ58: =+SUM(M58:AP58) -> 74
A59: 49 | D59: LA GOLONDRINA | E59: 213670000731 | F59: 7.531439 | G59: -74.097544 | H59: Rural | I59: Mañana | L59: 7 | M59: {=+TRANSPOSE(AY112:AY140)} -> 0 | N59: 0 | O59: 0 | P59: 0 | Q59: 0 | R59: 0 | S59: 0 | T59: 1 | U59: 1 | V59: 24 | W59: 12 | X59: 2 | Y59: 7 | Z59: 7 | AA59: 1 | AB59: 1 | AC59: 1 | AD59: 0 | AE59: 0 | AF59: 0 | AG59: 0 | AH59: 0 | AI59: 0 | AJ59: 1 | AK59: 0 | AL59: 0 | AM59: 0 | AN59: 0 | AO59: 1 | AP59: 0 | AQ59: =+SUM(M59:AP59) -> 59
A60: 50 | D60: AGUA SUCIA | E60: 213670001095 | F60: 7.561175 | G60: -74.07344 | H60: Rural | I60: Mañana / Fin de Semana | L60: 9 | M60: {=+TRANSPOSE(AZ112:AZ140)} -> 0 | N60: 0 | O60: 0 | P60: 0 | Q60: 0 | R60: 0 | S60: 0 | T60: 1 | U60: 1 | V60: 24 | W60: 12 | X60: 2 | Y60: 10 | Z60: 10 | AA60: 1 | AB60: 1 | AC60: 1 | AD60: 0 | AE60: 0 | AF60: 0 | AG60: 0 | AH60: 0 | AI60: 0 | AJ60: 1 | AK60: 0 | AL60: 0 | AM60: 0 | AN60: 0 | AO60: 1 | AP60: 0 | AQ60: =+SUM(M60:AP60) -> 65
A61: 51 | D61: LA ESMERALDA | E61: 213670000251 | F61: 7.481502 | G61: -73.94577 | H61: Rural | I61: Mañana | L61: 7 | M61: {=+TRANSPOSE(BA112:BA140)} -> 0 | N61: 0 | O61: 0 | P61: 0 | Q61: 0 | R61: 0 | S61: 0 | T61: 1 | U61: 1 | V61: 24 | W61: 12 | X61: 2 | Y61: 7 | Z61: 7 | AA61: 1 | AB61: 1 | AC61: 1 | AD61: 0 | AE61: 0 | AF61: 0 | AG61: 0 | AH61: 0 | AI61: 0 | AJ61: 1 | AK61: 0 | AL61: 0 | AM61: 0 | AN61: 0 | AO61: 1 | AP61: 0 | AQ61: =+SUM(M61:AP61) -> 59
A62: 52 | D62: CAÑABRAVAL | E62: 213670001311 | F62: 7.6022814 | G62: -74.016302 | H62: Rural | I62: Mañana / Fin de Semana | L62: 38 | M62: {=+TRANSPOSE(BB112:BB140)} -> 0 | N62: 0 | O62: 0 | P62: 0 | Q62: 0 | R62: 0 | S62: 0 | T62: 1 | U62: 1 | V62: 24 | W62: 12 | X62: 3 | Y62: 36 | Z62: 18 | AA62: 1 | AB62: 1 | AC62: 1 | AD62: 0 | AE62: 0 | AF62: 0 | AG62: 0 | AH62: 0 | AI62: 0 | AJ62: 1 | AK62: 0 | AL62: 0 | AM62: 0 | AN62: 0 | AO62: 1 | AP62: 1 | AQ62: =+SUM(M62:AP62) -> 101
A63: 53 | D63: LA YE | E63: 213670000790 | F63: 7.584361 | G63: -74.010587 | H63: Rural | I63: Mañana | L63: 22 | M63: {=+TRANSPOSE(BC112:BC140)} -> 0 | N63: 0 | O63: 0 | P63: 0 | Q63: 0 | R63: 0 | S63: 0 | T63: 1 | U63: 1 | V63: 24 | W63: 12 | X63: 2 | Y63: 22 | Z63: 22 | AA63: 1 | AB63: 1 | AC63: 1 | AD63: 0 | AE63: 0 | AF63: 0 | AG63: 0 | AH63: 0 | AI63: 0 | AJ63: 1 | AK63: 0 | AL63: 0 | AM63: 0 | AN63: 0 | AO63: 1 | AP63: 1 | AQ63: =+SUM(M63:AP63) -> 90
A64: 54 | D64: RANCHO QUEMADO | E64: 213670000498 | F64: 7.640721 | G64: -73.982802 | H64: Rural | I64: Mañana | L64: 7 | M64: {=+TRANSPOSE(BD112:BD140)} -> 0 | N64: 0 | O64: 0 | P64: 0 | Q64: 0 | R64: 0 | S64: 0 | T64: 1 | U64: 1 | V64: 24 | W64: 12 | X64: 2 | Y64: 7 | Z64: 7 | AA64: 1 | AB64: 1 | AC64: 1 | AD64: 0 | AE64: 0 | AF64: 0 | AG64: 0 | AH64: 0 | AI64: 0 | AJ64: 1 | AK64: 0 | AL64: 0 | AM64: 0 | AN64: 0 | AO64: 1 | AP64: 0 | AQ64: =+SUM(M64:AP64) -> 59
A65: 55 | D65: LAS PALMAS | E65: 213670001427 | F65: 7.4921136 | G65: -74.014645 | H65: Rural | I65: Mañana / Fin de Semana | L65: 15 | M65: {=+TRANSPOSE(BE112:BE140)} -> 0 | N65: 0 | O65: 0 | P65: 0 | Q65: 0 | R65: 0 | S65: 0 | T65: 1 | U65: 1 | V65: 24 | W65: 12 | X65: 2 | Y65: 15 | Z65: 15 | AA65: 1 | AB65: 1 | AC65: 1 | AD65: 0 | AE65: 0 | AF65: 0 | AG65: 0 | AH65: 0 | AI65: 0 | AJ65: 1 | AK65: 0 | AL65: 0 | AM65: 0 | AN65: 0 | AO65: 1 | AP65: 1 | AQ65: =+SUM(M65:AP65) -> 76
A66: 56 | D66: CAÑO DE ORO | E66: 213670001385 | F66: 7.4471084 | G66: -73.986818 | H66: Rural | I66: Mañana | L66: 16 | M66: {=+TRANSPOSE(BF112:BF140)} -> 0 | N66: 0 | O66: 0 | P66: 0 | Q66: 0 | R66: 0 | S66: 0 | T66: 1 | U66: 1 | V66: 24 | W66: 12 | X66: 2 | Y66: 16 | Z66: 16 | AA66: 1 | AB66: 1 | AC66: 1 | AD66: 0 | AE66: 0 | AF66: 0 | AG66: 0 | AH66: 0 | AI66: 0 | AJ66: 1 | AK66: 0 | AL66: 0 | AM66: 0 | AN66: 0 | AO66: 1 | AP66: 1 | AQ66: =+SUM(M66:AP66) -> 78
A67: 57 | D67: ALTO BERLIN | E67: 213670000722 | F67: 7.414476 | G67: -74.048508 | H67: Rural | I67: Mañana | L67: 16 | M67: {=+TRANSPOSE(BG112:BG140)} -> 0 | N67: 0 | O67: 0 | P67: 0 | Q67: 0 | R67: 0 | S67: 0 | T67: 1 | U67: 1 | V67: 24 | W67: 12 | X67: 2 | Y67: 16 | Z67: 16 | AA67: 1 | AB67: 1 | AC67: 1 | AD67: 0 | AE67: 0 | AF67: 0 | AG67: 0 | AH67: 0 | AI67: 0 | AJ67: 1 | AK67: 0 | AL67: 0 | AM67: 0 | AN67: 0 | AO67: 1 | AP67: 1 | AQ67: =+SUM(M67:AP67) -> 78
A68: 58 | D68: COLINAS | E68: 213670001150 | F68: 7.42104 | G68: -74.086932 | H68: Rural | I68: Mañana | L68: 1 | M68: {=+TRANSPOSE(BH112:BH140)} -> 0 | N68: 0 | O68: 0 | P68: 0 | Q68: 0 | R68: 0 | S68: 0 | T68: 1 | U68: 1 | V68: 24 | W68: 0 | X68: 1 | Y68: 1 | Z68: 1 | AA68: 1 | AB68: 1 | AC68: 1 | AD68: 0 | AE68: 0 | AF68: 0 | AG68: 0 | AH68: 0 | AI68: 0 | AJ68: 1 | AK68: 0 | AL68: 0 | AM68: 0 | AN68: 0 | AO68: 1 | AP68: 0 | AQ68: =+SUM(M68:AP68) -> 34
A69: 59 | D69: CERRO AZUL | E69: 213670001061 | F69: 7.560153 | G69: -73.953993 | H69: Rural | I69: Mañana / Fin de Semana | L69: 37 | M69: {=+TRANSPOSE(BI112:BI140)} -> 0 | N69: 0 | O69: 0 | P69: 0 | Q69: 0 | R69: 0 | S69: 0 | T69: 1 | U69: 1 | V69: 24 | W69: 12 | X69: 3 | Y69: 36 | Z69: 18 | AA69: 1 | AB69: 1 | AC69: 1 | AD69: 0 | AE69: 0 | AF69: 0 | AG69: 0 | AH69: 0 | AI69: 0 | AJ69: 1 | AK69: 0 | AL69: 0 | AM69: 0 | AN69: 0 | AO69: 1 | AP69: 1 | AQ69: =+SUM(M69:AP69) -> 101
A70: 60 | D70: SAN JUAN | E70: 213670000137 | F70: 7.4051704 | G70: -74.009721 | H70: Rural | I70: Mañana / Fin de Semana | L70: 27 | M70: {=+TRANSPOSE(BJ112:BJ140)} -> 0 | N70: 0 | O70: 0 | P70: 0 | Q70: 0 | R70: 0 | S70: 0 | T70: 1 | U70: 1 | V70: 24 | W70: 12 | X70: 2 | Y70: 27 | Z70: 18 | AA70: 1 | AB70: 1 | AC70: 1 | AD70: 0 | AE70: 0 | AF70: 0 | AG70: 0 | AH70: 0 | AI70: 0 | AJ70: 1 | AK70: 0 | AL70: 0 | AM70: 0 | AN70: 0 | AO70: 1 | AP70: 1 | AQ70: =+SUM(M70:AP70) -> 91
A71: 61 | D71: CAÑO FRIO | E71: 213670000854 | F71: 7.463551 | G71: -74.08422 | H71: Rural | I71: Mañana / Fin de Semana | L71: 20 | M71: {=+TRANSPOSE(BK112:BK140)} -> 0 | N71: 0 | O71: 0 | P71: 0 | Q71: 0 | R71: 0 | S71: 0 | T71: 1 | U71: 1 | V71: 24 | W71: 12 | X71: 2 | Y71: 20 | Z71: 18 | AA71: 1 | AB71: 1 | AC71: 1 | AD71: 0 | AE71: 0 | AF71: 0 | AG71: 0 | AH71: 0 | AI71: 0 | AJ71: 1 | AK71: 0 | AL71: 0 | AM71: 0 | AN71: 0 | AO71: 1 | AP71: 1 | AQ71: =+SUM(M71:AP71) -> 84
A72: 62 | D72: JUAN ALTO TARACUE | E72: 213670001087 | F72: 7.483129 | G72: -74.071739 | H72: Rural | I72: Mañana / Fin de Semana | L72: 23 | M72: {=+TRANSPOSE(BL112:BL140)} -> 0 | N72: 0 | O72: 0 | P72: 0 | Q72: 0 | R72: 0 | S72: 0 | T72: 1 | U72: 1 | V72: 24 | W72: 12 | X72: 2 | Y72: 23 | Z72: 18 | AA72: 1 | AB72: 1 | AC72: 1 | AD72: 0 | AE72: 0 | AF72: 0 | AG72: 0 | AH72: 0 | AI72: 0 | AJ72: 1 | AK72: 0 | AL72: 0 | AM72: 0 | AN72: 0 | AO72: 1 | AP72: 1 | AQ72: =+SUM(M72:AP72) -> 87
A73: 63 | D73: MEDIO CAÑABRAVAL | E73: 213670001378 | F73: 7.4840378 | G73: -74.107153 | H73: Rural | I73: Mañana | L73: 14 | M73: {=+TRANSPOSE(BM112:BM140)} -> 0 | N73: 0 | O73: 0 | P73: 0 | Q73: 0 | R73: 0 | S73: 0 | T73: 1 | U73: 1 | V73: 24 | W73: 12 | X73: 2 | Y73: 14 | Z73: 14 | AA73: 1 | AB73: 1 | AC73: 1 | AD73: 0 | AE73: 0 | AF73: 0 | AG73: 0 | AH73: 0 | AI73: 0 | AJ73: 1 | AK73: 0 | AL73: 0 | AM73: 0 | AN73: 0 | AO73: 1 | AP73: 1 | AQ73: =+SUM(M73:AP73) -> 74
A74: 64 | D74: ALTO CAÑABRAVAL | E74: 213670000838 | F74: 7.479425 | G74: -73.92283 | H74: Rural | I74: Mañana / Fin de Semana | L74: 27 | M74: {=+TRANSPOSE(BN112:BN140)} -> 0 | N74: 0 | O74: 0 | P74: 0 | Q74: 0 | R74: 0 | S74: 0 | T74: 1 | U74: 1 | V74: 24 | W74: 12 | X74: 2 | Y74: 27 | Z74: 18 | AA74: 1 | AB74: 1 | AC74: 1 | AD74: 0 | AE74: 0 | AF74: 0 | AG74: 0 | AH74: 0 | AI74: 0 | AJ74: 1 | AK74: 0 | AL74: 0 | AM74: 0 | AN74: 0 | AO74: 1 | AP74: 1 | AQ74: =+SUM(M74:AP74) -> 91
A75: SUBTOTAL | L75: =SUM(L53:L74) -> 1124 | M75: =SUM(M53:M74) -> 0 | N75: =SUM(N53:N74) -> 0 | O75: =SUM(O53:O74) -> 0 | P75: =SUM(P53:P74) -> 0 | Q75: =SUM(Q53:Q74) -> 0 | R75: =SUM(R53:R74) -> 0 | S75: =SUM(S53:S74) -> 0 | ... AP75: =SUM(AP53:AP74) -> 16
A76: 65 | B76: I.E. SAN FRANCISCO | C76: 213688001874 | D76: {=+TRANSPOSE(BO111:BW111)} -> SAN FRANCISCO SEDE PRINCIPAL | E76: 213688001874 | F76: 8.0379727 | G76: -74.079446 | H76: Rural | I76: Mañana / Fin de Semana | L76: 168 | M76: {=+TRANSPOSE(BO112:BO140)} -> 1 | N76: 1 | O76: 2 | P76: 2 | Q76: 2 | R76: 1 | S76: 1 | T76: 2 | U76: 2 | V76: 36 | W76: 24 | X76: 10 | Y76: 48 | Z76: 36 | AA76: 3 | AB76: 3 | AC76: 3 | AD76: 3 | AE76: 3 | AF76: 3 | AG76: 3 | AH76: 3 | AI76: 3 | AJ76: 3 | AK76: 2 | AL76: 1 | AM76: 2 | AN76: 1 | AO76: 1 | AP76: 1 | AQ76: =+SUM(M76:AP76) -> 206
A77: 66 | D77: EL VAIVÉN | E77: 213688000381 | F77: 8.0289707 | G77: -74.062229 | H77: Rural | I77: Mañana | L77: 9 | M77: {=+TRANSPOSE(BP112:BP140)} -> 1 | N77: 1 | O77: 1 | P77: 2 | Q77: 2 | R77: 1 | S77: 1 | T77: 1 | U77: 1 | V77: 24 | W77: 12 | X77: 2 | Y77: 9 | Z77: 9 | AA77: 1 | AB77: 1 | AC77: 1 | AD77: 1 | AE77: 1 | AF77: 1 | AG77: 1 | AH77: 1 | AI77: 1 | AJ77: 1 | AK77: 0 | AL77: 0 | AM77: 0 | AN77: 0 | AO77: 1 | AP77: 0 | AQ77: =+SUM(M77:AP77) -> 78
A78: 67 | D78: JUAN PABLO SEGUNDO | E78: 213683000403 | F78: 7.7448693 | G78: -74.176495 | H78: Rural | I78: Mañana / Fin de Semana | L78: 10 | M78: {=+TRANSPOSE(BQ112:BQ140)} -> 1 | N78: 1 | O78: 1 | P78: 2 | Q78: 2 | R78: 1 | S78: 1 | T78: 1 | U78: 1 | V78: 24 | W78: 12 | X78: 2 | Y78: 10 | Z78: 10 | AA78: 1 | AB78: 1 | AC78: 1 | AD78: 1 | AE78: 1 | AF78: 1 | AG78: 1 | AH78: 1 | AI78: 1 | AJ78: 1 | AK78: 0 | AL78: 0 | AM78: 0 | AN78: 0 | AO78: 1 | AP78: 1 | AQ78: =+SUM(M78:AP78) -> 81
A79: 68 | D79: PLAYA RICA | E79: 213688010911 | F79: 8.0205548 | G79: -74.03237 | H79: Rural | I79: Mañana / Fin de Semana | L79: 41 | M79: {=+TRANSPOSE(BR112:BR140)} -> 1 | N79: 1 | O79: 1 | P79: 2 | Q79: 2 | R79: 1 | S79: 1 | T79: 1 | U79: 1 | V79: 24 | W79: 12 | X79: 4 | Y79: 41 | Z79: 24 | AA79: 1 | AB79: 1 | AC79: 1 | AD79: 1 | AE79: 1 | AF79: 1 | AG79: 1 | AH79: 1 | AI79: 1 | AJ79: 1 | AK79: 2 | AL79: 1 | AM79: 1 | AN79: 1 | AO79: 1 | AP79: 1 | AQ79: =+SUM(M79:AP79) -> 133
A80: 69 | D80: LA ESMERALDA | E80: 213744000495 | F80: 7.7448693 | G80: -74.176495 | H80: Rural | I80: Mañana | L80: 12 | M80: {=+TRANSPOSE(BS112:BS140)} -> 1 | N80: 1 | O80: 1 | P80: 2 | Q80: 2 | R80: 1 | S80: 1 | T80: 1 | U80: 1 | V80: 24 | W80: 12 | X80: 2 | Y80: 12 | Z80: 12 | AA80: 1 | AB80: 1 | AC80: 1 | AD80: 1 | AE80: 1 | AF80: 1 | AG80: 1 | AH80: 1 | AI80: 1 | AJ80: 1 | AK80: 0 | AL80: 0 | AM80: 0 | AN80: 0 | AO80: 1 | AP80: 1 | AQ80: =+SUM(M80:AP80) -> 85
A81: 70 | D81: CARACOLI | E81: 213688000070 | F81: 8.1357496 | G81: -74.075044 | H81: Rural | I81: Mañana | L81: 17 | M81: {=+TRANSPOSE(BT112:BT140)} -> 1 | N81: 1 | O81: 1 | P81: 2 | Q81: 2 | R81: 1 | S81: 1 | T81: 1 | U81: 1 | V81: 24 | W81: 12 | X81: 2 | Y81: 17 | Z81: 12 | AA81: 1 | AB81: 1 | AC81: 1 | AD81: 1 | AE81: 1 | AF81: 1 | AG81: 1 | AH81: 1 | AI81: 1 | AJ81: 1 | AK81: 0 | AL81: 0 | AM81: 0 | AN81: 0 | AO81: 1 | AP81: 1 | AQ81: =+SUM(M81:AP81) -> 90
A82: 71 | D82: LA UNIÓN | E82: 213688000045 | F82: 8.0134141 | G82: -74.134696 | H82: Rural | I82: Mañana | L82: 19 | M82: {=+TRANSPOSE(BU112:BU140)} -> 1 | N82: 1 | O82: 1 | P82: 2 | Q82: 2 | R82: 1 | S82: 1 | T82: 1 | U82: 1 | V82: 24 | W82: 12 | X82: 2 | Y82: 19 | Z82: 18 | AA82: 1 | AB82: 1 | AC82: 1 | AD82: 1 | AE82: 1 | AF82: 1 | AG82: 1 | AH82: 1 | AI82: 1 | AJ82: 1 | AK82: 0 | AL82: 0 | AM82: 0 | AN82: 0 | AO82: 1 | AP82: 1 | AQ82: =+SUM(M82:AP82) -> 98
A83: 72 | D83: SAN ISIDRO | E83: 213744000860 | F83: 7.7448693 | G83: -74.176495 | H83: Rural | I83: Mañana / Fin de Semana | L83: 58 | M83: {=+TRANSPOSE(BV112:BV140)} -> 1 | N83: 1 | O83: 1 | P83: 2 | Q83: 2 | R83: 1 | S83: 1 | T83: 1 | U83: 1 | V83: 24 | W83: 12 | X83: 4 | Y83: 48 | Z83: 24 | AA83: 1 | AB83: 1 | AC83: 1 | AD83: 1 | AE83: 1 | AF83: 1 | AG83: 1 | AH83: 1 | AI83: 1 | AJ83: 1 | AK83: 2 | AL83: 1 | AM83: 1 | AN83: 1 | AO83: 1 | AP83: 1 | AQ83: =+SUM(M83:AP83) -> 140
A84: 73 | D84: LA MENDOZA | E84: 413688001822 | F84: 8.0915972 | G84: -74.101087 | H84: Rural | I84: Mañana | L84: 19 | M84: {=+TRANSPOSE(BW112:BW140)} -> 1 | N84: 1 | O84: 1 | P84: 2 | Q84: 2 | R84: 1 | S84: 1 | T84: 1 | U84: 1 | V84: 24 | W84: 12 | X84: 2 | Y84: 19 | Z84: 18 | AA84: 1 | AB84: 1 | AC84: 1 | AD84: 1 | AE84: 1 | AF84: 1 | AG84: 1 | AH84: 1 | AI84: 1 | AJ84: 1 | AK84: 0 | AL84: 0 | AM84: 0 | AN84: 0 | AO84: 1 | AP84: 1 | AQ84: =+SUM(M84:AP84) -> 98
A85: SUBTOTAL | L85: =SUM(L76:L84) -> 353 | M85: =SUM(M76:M84) -> 9 | N85: =SUM(N76:N84) -> 9 | O85: =SUM(O76:O84) -> 10 | P85: =SUM(P76:P84) -> 18 | Q85: =SUM(Q76:Q84) -> 18 | R85: =SUM(R76:R84) -> 9 | S85: =SUM(S76:S84) -> 9 | ... AP85: =SUM(AP76:AP84) -> 8
A86: 74 | B86: I.D. SAN LUCAS | C86: 213688001882 | D86: {=+TRANSPOSE(BX111:CN111)} -> MINA MOCHA | E86: 213688011403 | F86: 8.0134141 | G86: -74.134696 | H86: Rural | I86: Mañana | L86: 167 | M86: {=+TRANSPOSE(BX112:BX140)} -> 0 | N86: 0 | O86: 0 | P86: 0 | Q86: 0 | R86: 0 | S86: 0 | T86: 2 | U86: 2 | V86: 36 | W86: 36 | X86: 10 | Y86: 24 | Z86: 24 | AA86: 4 | AB86: 4 | AC86: 4 | AD86: 0 | AE86: 0 | AF86: 0 | AG86: 0 | AH86: 0 | AI86: 0 | AJ86: 1 | AK86: 3 | AL86: 1 | AM86: 2 | AN86: 1 | AO86: 1 | AP86: 1 | AQ86: =+SUM(M86:AP86) -> 156
A87: 75 | D87: MINA PISTA | E87: 213688011071 | F87: 8.0134141 | G87: -74.134696 | H87: Rural | I87: Mañana | L87: 53 | M87: {=+TRANSPOSE(BY112:BY140)} -> 0 | N87: 0 | O87: 0 | P87: 0 | Q87: 0 | R87: 0 | S87: 0 | T87: 1 | U87: 1 | V87: 24 | W87: 24 | X87: 5 | Y87: 36 | Z87: 24 | AA87: 3 | AB87: 3 | AC87: 3 | AD87: 3 | AE87: 3 | AF87: 3 | AG87: 3 | AH87: 3 | AI87: 3 | AJ87: 3 | AK87: 2 | AL87: 1 | AM87: 1 | AN87: 1 | AO87: 1 | AP87: 1 | AQ87: =+SUM(M87:AP87) -> 152
A88: 76 | D88: SAN JOSÉ | E88: 413688010899 | F88: 8.0134141 | G88: -74.134696 | H88: Rural | I88: Mañana | L88: 57 | M88: {=+TRANSPOSE(BZ112:BZ140)} -> 0 | N88: 0 | O88: 0 | P88: 0 | Q88: 0 | R88: 0 | S88: 0 | T88: 1 | U88: 1 | V88: 24 | W88: 24 | X88: 5 | Y88: 36 | Z88: 24 | AA88: 3 | AB88: 3 | AC88: 3 | AD88: 3 | AE88: 3 | AF88: 3 | AG88: 3 | AH88: 3 | AI88: 3 | AJ88: 3 | AK88: 2 | AL88: 1 | AM88: 1 | AN88: 1 | AO88: 1 | AP88: 1 | AQ88: =+SUM(M88:AP88) -> 152
A89: 77 | D89: EL PARAISO | E89: 213688011039 | F89: 7.9982375 | G89: -74.113099 | H89: Rural | I89: Mañana | L89: 11 | M89: {=+TRANSPOSE(CA112:CA140)} -> 0 | N89: 0 | O89: 0 | P89: 0 | Q89: 0 | R89: 0 | S89: 0 | T89: 1 | U89: 1 | V89: 24 | W89: 12 | X89: 2 | Y89: 11 | Z89: 11 | AA89: 1 | AB89: 1 | AC89: 1 | AD89: 0 | AE89: 0 | AF89: 0 | AG89: 0 | AH89: 0 | AI89: 0 | AJ89: 1 | AK89: 0 | AL89: 0 | AM89: 0 | AN89: 0 | AO89: 1 | AP89: 1 | AQ89: =+SUM(M89:AP89) -> 68
A90: 78 | D90: LA CABAÑA | E90: 213688011004 | F90: 8.0476007 | G90: -74.136622 | H90: Rural | I90: Mañana / Fin de Semana | L90: 17 | M90: {=+TRANSPOSE(CB112:CB140)} -> 0 | N90: 0 | O90: 0 | P90: 0 | Q90: 0 | R90: 0 | S90: 0 | T90: 1 | U90: 1 | V90: 24 | W90: 12 | X90: 2 | Y90: 17 | Z90: 12 | AA90: 1 | AB90: 1 | AC90: 1 | AD90: 0 | AE90: 0 | AF90: 0 | AG90: 0 | AH90: 0 | AI90: 0 | AJ90: 1 | AK90: 0 | AL90: 0 | AM90: 0 | AN90: 0 | AO90: 1 | AP90: 1 | AQ90: =+SUM(M90:AP90) -> 75
A91: 79 | D91: LA GRANJA | E91: 213688011420 | F91: 8.0483238 | G91: -74.157636 | H91: Rural | I91: Mañana | L91: 17 | M91: {=+TRANSPOSE(CC112:CC140)} -> 0 | N91: 0 | O91: 0 | P91: 0 | Q91: 0 | R91: 0 | S91: 0 | T91: 1 | U91: 1 | V91: 24 | W91: 12 | X91: 2 | Y91: 17 | Z91: 12 | AA91: 1 | AB91: 1 | AC91: 1 | AD91: 0 | AE91: 0 | AF91: 0 | AG91: 0 | AH91: 0 | AI91: 0 | AJ91: 1 | AK91: 0 | AL91: 0 | AM91: 0 | AN91: 0 | AO91: 1 | AP91: 1 | AQ91: =+SUM(M91:AP91) -> 75
A92: 80 | D92: LA PAZ | E92: 213688800068 | F92: 8.0134141 | G92: -74.134696 | H92: Rural | I92: Mañana | L92: 25 | M92: {=+TRANSPOSE(CD112:CD140)} -> 1 | N92: 1 | O92: 1 | P92: 1 | Q92: 2 | R92: 1 | S92: 1 | T92: 1 | U92: 1 | V92: 24 | W92: 12 | X92: 2 | Y92: 24 | Z92: 24 | AA92: 2 | AB92: 2 | AC92: 2 | AD92: 2 | AE92: 2 | AF92: 2 | AG92: 2 | AH92: 2 | AI92: 2 | AJ92: 2 | AK92: 2 | AL92: 1 | AM92: 1 | AN92: 1 | AO92: 1 | AP92: 1 | AQ92: =+SUM(M92:AP92) -> 123
A93: 81 | D93: LA SERRANÍA | E93: 213688800025 | F93: 8.0134141 | G93: -74.134696 | H93: Rural | I93: Mañana | L93: 13 | M93: {=+TRANSPOSE(CE112:CE140)} -> 0 | N93: 0 | O93: 0 | P93: 0 | Q93: 0 | R93: 0 | S93: 0 | T93: 1 | U93: 1 | V93: 24 | W93: 12 | X93: 2 | Y93: 13 | Z93: 13 | AA93: 1 | AB93: 1 | AC93: 1 | AD93: 0 | AE93: 0 | AF93: 0 | AG93: 0 | AH93: 0 | AI93: 0 | AJ93: 1 | AK93: 0 | AL93: 0 | AM93: 0 | AN93: 0 | AO93: 1 | AP93: 1 | AQ93: =+SUM(M93:AP93) -> 72
A94: 82 | D94: LA TORERA | E94: 413688010953 | F94: 8.0134141 | G94: -74.134696 | H94: Rural | I94: Mañana / Tarde | L94: 10 | M94: {=+TRANSPOSE(CF112:CF140)} -> 0 | N94: 0 | O94: 0 | P94: 0 | Q94: 0 | R94: 0 | S94: 0 | T94: 1 | U94: 1 | V94: 24 | W94: 12 | X94: 2 | Y94: 10 | Z94: 10 | AA94: 1 | AB94: 1 | AC94: 1 | AD94: 0 | AE94: 0 | AF94: 0 | AG94: 0 | AH94: 0 | AI94: 0 | AJ94: 1 | AK94: 0 | AL94: 0 | AM94: 0 | AN94: 0 | AO94: 1 | AP94: 1 | AQ94: =+SUM(M94:AP94) -> 66
A95: 83 | D95: PRINCIPAL | E95: 213688001882 | F95: 8.0612257 | G95: -74.152164 | H95: Rural | I95: Mañana / Tarde | L95: 248 | M95: {=+TRANSPOSE(CG112:CG140)} -> 1 | N95: 2 | O95: 1 | P95: 1 | Q95: 2 | R95: 1 | S95: 1 | T95: 2 | U95: 2 | V95: 36 | W95: 36 | X95: 10 | Y95: 48 | Z95: 48 | AA95: 3 | AB95: 3 | AC95: 3 | AD95: 3 | AE95: 3 | AF95: 3 | AG95: 3 | AH95: 3 | AI95: 3 | AJ95: 2 | AK95: 3 | AL95: 1 | AM95: 2 | AN95: 1 | AO95: 2 | AP95: 1 | AQ95: =+SUM(M95:AP95) -> 230
A96: 84 | D96: SAN ANTONIO | E96: 213688011080 | F96: 7.9982375 | G96: -74.113099 | H96: Rural | I96: Mañana | L96: 6 | M96: {=+TRANSPOSE(CH112:CH140)} -> 0 | N96: 0 | O96: 0 | P96: 0 | Q96: 0 | R96: 0 | S96: 0 | T96: 1 | U96: 1 | V96: 24 | W96: 6 | X96: 2 | Y96: 6 | Z96: 6 | AA96: 1 | AB96: 1 | AC96: 1 | AD96: 0 | AE96: 0 | AF96: 0 | AG96: 0 | AH96: 0 | AI96: 0 | AJ96: 1 | AK96: 0 | AL96: 0 | AM96: 0 | AN96: 0 | AO96: 1 | AP96: 0 | AQ96: =+SUM(M96:AP96) -> 51
A97: 85 | D97: SAN LUQUITAS | E97: 213683000471 | F97: 7.7448693 | G97: -74.176495 | H97: Rural | I97: Mañana / Tarde | L97: 564 | M97: {=+TRANSPOSE(CI112:CI140)} -> 1 | N97: 1 | O97: 1 | P97: 1 | Q97: 2 | R97: 1 | S97: 1 | T97: 2 | U97: 2 | V97: 48 | W97: 60 | X97: 20 | Y97: 75 | Z97: 75 | AA97: 6 | AB97: 6 | AC97: 6 | AD97: 4 | AE97: 4 | AF97: 4 | AG97: 4 | AH97: 4 | AI97: 4 | AJ97: 4 | AK97: 6 | AL97: 2 | AM97: 3 | AN97: 2 | AO97: 3 | AP97: 1 | AQ97: =+SUM(M97:AP97) -> 353
A98: 86 | D98: SAN PEDRO FRIO | E98: 213688010938 | F98: 8.0134141 | G98: -74.134696 | H98: Rural | I98: Mañana | L98: 173 | M98: {=+TRANSPOSE(CJ112:CJ140)} -> 1 | N98: 2 | O98: 1 | P98: 1 | Q98: 2 | R98: 1 | S98: 1 | T98: 2 | U98: 2 | V98: 36 | W98: 36 | X98: 10 | Y98: 48 | Z98: 48 | AA98: 3 | AB98: 3 | AC98: 3 | AD98: 3 | AE98: 3 | AF98: 3 | AG98: 3 | AH98: 3 | AI98: 3 | AJ98: 2 | AK98: 3 | AL98: 1 | AM98: 2 | AN98: 1 | AO98: 2 | AP98: 1 | AQ98: =+SUM(M98:AP98) -> 230
A99: 87 | D99: SANTA ISABEL | E99: 213744000991 | F99: 7.7448693 | G99: -74.176495 | H99: Rural | I99: Mañana / Fin de Semana | L99: 64 | M99: {=+TRANSPOSE(CK112:CK140)} -> 1 | N99: 1 | O99: 1 | P99: 1 | Q99: 2 | R99: 1 | S99: 1 | T99: 1 | U99: 1 | V99: 24 | W99: 12 | X99: 2 | Y99: 24 | Z99: 24 | AA99: 2 | AB99: 2 | AC99: 2 | AD99: 2 | AE99: 2 | AF99: 2 | AG99: 2 | AH99: 2 | AI99: 2 | AJ99: 2 | AK99: 2 | AL99: 1 | AM99: 1 | AN99: 1 | AO99: 1 | AP99: 1 | AQ99: =+SUM(M99:AP99) -> 123
A100: 88 | D100: MINA CARACOLITO | E100: 213688800050 | F100: 8.0134141 | G100: -74.134696 | H100: Rural | I100: Mañana | L100: 17 | M100: {=+TRANSPOSE(CL112:CL140)} -> 0 | N100: 0 | O100: 0 | P100: 0 | Q100: 0 | R100: 0 | S100: 0 | T100: 1 | U100: 1 | V100: 24 | W100: 12 | X100: 2 | Y100: 17 | Z100: 12 | AA100: 1 | AB100: 1 | AC100: 1 | AD100: 0 | AE100: 0 | AF100: 0 | AG100: 0 | AH100: 0 | AI100: 0 | AJ100: 1 | AK100: 0 | AL100: 0 | AM100: 0 | AN100: 0 | AO100: 1 | AP100: 1 | AQ100: =+SUM(M100:AP100) -> 75
A101: 89 | D101: MINA CHOCO | E101: 213688800017 | F101: 8.0539606 | G101: -74.151707 | H101: Rural | I101: Mañana / Tarde | L101: 6 | M101: {=+TRANSPOSE(CM112:CM140)} -> 0 | N101: 0 | O101: 0 | P101: 0 | Q101: 0 | R101: 0 | S101: 0 | T101: 1 | U101: 1 | V101: 24 | W101: 6 | X101: 2 | Y101: 6 | Z101: 6 | AA101: 1 | AB101: 1 | AC101: 1 | AD101: 0 | AE101: 0 | AF101: 0 | AG101: 0 | AH101: 0 | AI101: 0 | AJ101: 1 | AK101: 0 | AL101: 0 | AM101: 0 | AN101: 0 | AO101: 1 | AP101: 0 | AQ101: =+SUM(M101:AP101) -> 51
A102: 90 | D102: ARRAYANES | E102: 213683000322 | F102: 7.7448693 | G102: -74.176495 | H102: Rural | I102: Mañana / Tarde | L102: 67 | M102: {=+TRANSPOSE(CN112:CN140)} -> 1 | N102: 1 | O102: 1 | P102: 1 | Q102: 2 | R102: 1 | S102: 1 | T102: 1 | U102: 1 | V102: 24 | W102: 12 | X102: 2 | Y102: 24 | Z102: 24 | AA102: 2 | AB102: 2 | AC102: 2 | AD102: 2 | AE102: 2 | AF102: 2 | AG102: 2 | AH102: 2 | AI102: 2 | AJ102: 2 | AK102: 2 | AL102: 1 | AM102: 1 | AN102: 1 | AO102: 1 | AP102: 1 | AQ102: =+SUM(M102:AP102) -> 123
A103: SUBTOTAL | L103: =SUM(L86:L102) -> 1515 | M103: =SUM(M86:M102) -> 6 | N103: =SUM(N86:N102) -> 8 | O103: =SUM(O86:O102) -> 6 | P103: =SUM(P86:P102) -> 6 | Q103: =SUM(Q86:Q102) -> 12 | R103: =SUM(R86:R102) -> 6 | S103: =SUM(S86:S102) -> 6 | ... AP103: =SUM(AP86:AP102) -> 15 | AQ103: =SUM(AQ7:AQ102) -> 9727
...

Sheet ESTU MER DEPORT
E1: FORTALECIMIENTO INTEGRAL DE LA ACTIVIDAD FÍSICA, RECREACIÓN Y EL DEPORTE A TRAVÉS DE LA DOTACIÓN DE IMPLEMENTOS DEPORTIVOS Y PARQUES INFANTILES EN INSTITUCIONES EDUCATIVAS DE LOS MUNICIPIOS PDET DEL SUR DEL DEPARTAMENTO DE BOLÍVAR
B5: ITEM | C5: 0.19 | D5: Orbisport | F5: Winner | H5: Olimpico | J5: Promedios | K5: Pro. Total
C6: UNIDAD | D6: Vr. Unitario Iva Incluido | E6: Vr. Total | F6: Vr. Unitario Iva Incluido | G6: Vr. Total | H6: Vr. Unitario Iva Incluido | I6: Vr. Total | J6: Pro. Unitario
B7: =+'DIAG CONSOLIDADO'!B112 -> Cancha Multifuncional (Juego x 2) | C7: =+'DIAG CONSOLIDADO'!CO112 -> 29 | D7: 5878106.7 | E7: =D7*C7 -> 1.7046509e+08 | F7: 6172012 | G7: =F7*C7 -> 1.7898835e+08 | H7: 6063267 | I7: =H7*C7 -> 1.7583474e+08 | J7: =AVERAGE(D7,F7,H7) -> 6037795.3 | K7: =+AVERAGE(E7,G7,I7) -> 1.7509606e+08
B8: =+'DIAG CONSOLIDADO'!B113 -> Juego X 2 Malla Futsala | C8: =+'DIAG CONSOLIDADO'!CO113 -> 31 | D8: 508854.79 | E8: =D8*C8 -> 15774498 | F8: 534297 | G8: =F8*C8 -> 16563207 | H8: 524883.72 | I8: =H8*C8 -> 16271395 | J8: =AVERAGE(D8,F8,H8) -> 522678.5 | K8: =+AVERAGE(E8,G8,I8) -> 16203034
B9: =+'DIAG CONSOLIDADO'!B114 -> Tablero Acrílico Baloncesto x2 | C9: =+'DIAG CONSOLIDADO'!CO114 -> 37 | D9: 1292970.9 | E9: =D9*C9 -> 47839924 | F9: 1357619.5 | G9: =F9*C9 -> 50231921 | H9: 1333699.5 | I9: =H9*C9 -> 49346882 | J9: =AVERAGE(D9,F9,H9) -> 1328096.6 | K9: =+AVERAGE(E9,G9,I9) -> 49139576
B10: =+'DIAG CONSOLIDADO'!B115 -> Aro metálico en Varilla 45 cm | C10: =+'DIAG CONSOLIDADO'!CO115 -> 51 | D10: 248514.36 | E10: =D10*C10 -> 12674232 | F10: 260940.08 | G10: =F10*C10 -> 13307944 | H10: 256342.56 | I10: =H10*C10 -> 13073471 | J10: =AVERAGE(D10,F10,H10) -> 255265.67 | K10: =+AVERAGE(E10,G10,I10) -> 13018549
B11: =+'DIAG CONSOLIDADO'!B116 -> Malla Baloncesto | C11: =+'DIAG CONSOLIDADO'!CO116 -> 55 | D11: 107539.48 | E11: =D11*C11 -> 5914671.4 | F11: 112916.45 | G11: =F11*C11 -> 6210404.8 | H11: 110926.97 | I11: =H11*C11 -> 6100983.3 | J11: =AVERAGE(D11,F11,H11) -> 110460.97 | K11: =+AVERAGE(E11,G11,I11) -> 6075353.2
B12: =+'DIAG CONSOLIDADO'!B117 -> Tubos con Medidas Reglamentarias para Voleibol (x2) | C12: =+'DIAG CONSOLIDADO'!CO117 -> 40 | D12: 904924 | E12: =D12*C12 -> 36196960 | F12: 790000 | G12: =F12*C12 -> 31600000 | H12: 1032373 | I12: =H12*C12 -> 41294920 | J12: =AVERAGE(D12,F12,H12) -> 909099 | K12: =+AVERAGE(E12,G12,I12) -> 36363960
B13: =+'DIAG CONSOLIDADO'!B118 -> Malla Voleibol | C13: =+'DIAG CONSOLIDADO'!CO118 -> 34 | D13: 405899 | E13: =D13*C13 -> 13800566 | F13: 426193.95 | G13: =F13*C13 -> 14490594 | H13: 418684.82 | I13: =H13*C13 -> 14235284 | J13: =AVERAGE(D13,F13,H13) -> 416925.92 | K13: =+AVERAGE(E13,G13,I13) -> 14175481
B14: =+'DIAG CONSOLIDADO'!B119 -> Pito Plástico Tipo Silbato | C14: =+'DIAG CONSOLIDADO'!CO119 -> 111 | D14: 19272 | E14: =D14*C14 -> 2139192 | F14: 20235.6 | G14: =F14*C14 -> 2246151.6 | H14: 19879.07 | I14: =H14*C14 -> 2206576.8 | J14: =AVERAGE(D14,F14,H14) -> 19795.557 | K14: =+AVERAGE(E14,G14,I14) -> 2197306.8
B15: =+'DIAG CONSOLIDADO'!B120 -> Cronometro Digital Electrónico m025 | C15: =+'DIAG CONSOLIDADO'!CO120 -> 109 | D15: 149940 | E15: =D15*C15 -> 16343460 | F15: 157437 | G15: =F15*C15 -> 17160633 | H15: 154663.11 | I15: =H15*C15 -> 16858279 | J15: =AVERAGE(D15,F15,H15) -> 154013.37 | K15: =+AVERAGE(E15,G15,I15) -> 16787457
B16: =+'DIAG CONSOLIDADO'!B121 -> Conos Plásticos 40 cm | C16: =+'DIAG CONSOLIDADO'!CO121 -> 2352 | D16: 14009 | E16: =D16*C16 -> 32949168 | F16: 14709.45 | G16: =F16*C16 -> 34596626 | H16: 14450.28 | I16: =H16*C16 -> 33987059 | J16: =AVERAGE(D16,F16,H16) -> 14389.577 | K16: =+AVERAGE(E16,G16,I16) -> 33844284
B17: =+'DIAG CONSOLIDADO'!B122 -> Chaleco de Entrenamiento (Tipo Peto) | C17: =+'DIAG CONSOLIDADO'!CO122 -> 1472 | D17: 49527 | E17: =D17*C17 -> 72903744 | F17: 52003.35 | G17: =F17*C17 -> 76548931 | H17: 51087.1 | I17: =H17*C17 -> 75200211 | J17: =AVERAGE(D17,F17,H17) -> 50872.483 | K17: =+AVERAGE(E17,G17,I17) -> 74884295
B18: =+'DIAG CONSOLIDADO'!B123 -> (paqu x 12) Ula Ula Plano en Plástico 50 cm | C18: =+'DIAG CONSOLIDADO'!CO123 -> 415 | D18: 109236.5 | E18: =D18*C18 -> 45333148 | F18: 114698.33 | G18: =F18*C18 -> 47599807 | H18: 112677.45 | I18: =H18*C18 -> 46761142 | J18: =AVERAGE(D18,F18,H18) -> 112204.09 | K18: =+AVERAGE(E18,G18,I18) -> 46564699
... B35: =+'DIAG CONSOLIDADO'!B140 -> Marcador de Resultados Portatíl del 00 al 33 | C35: =+'DIAG CONSOLIDADO'!CO140 -> 100 | D35: 280000 | E35: =D35*C35 -> 28000000 | F35: 310000 | G35: =F35*C35 -> 31000000 | H35: 305000 | I35: =H35*C35 -> 30500000 | J35: =AVERAGE(D35,F35,H35) -> 298333.33 | K35: =+AVERAGE(E35,G35,I35) -> 29833333
B36: =+'DIAG CONSOLIDADO'!B141 -> Parques infantiles | C36: =+'DIAG CONSOLIDADO'!CO141 -> 70 | K36: =SUM(K7:K35) -> 1.1987489e+09
B37: TOTAL DE IMPLEMENTOS DOTAR | C37: =SUM(C7:C36) -> 9723

Sheet ESTU MER PARQUES
I1: FORTALECIMIENTO INTEGRAL DE LA ACTIVIDAD FÍSICA, RECREACIÓN Y EL DEPORTE A TRAVÉS DE LA DOTACIÓN DE IMPLEMENTOS DEPORTIVOS Y PARQUES INFANTILES EN INSTITUCIONES EDUCATIVAS DE LOS MUNICIPIOS PDET DEL SUR DEL DEPARTAMENTO DE BOLÍVAR
C6: ESTUDIO DE MERCADO DOTACIÓN E INSTALACIÓN DE PARQUES INFANTILES
C8: PROYECTO: | E8: FORTALECIMIENTO INTEGRAL DE LA ACTIVIDAD FÍSICA, RECREACIÓN Y EL DEPORTE A TRAVÉS DE LA DOTACIÓN DE IMPLEMENTOS DEPORTIVOS Y PARQUES INFANTILES EN INSTITUCIONES EDUCATIVAS DE LOS MUNICIPIOS PDET DEL SUR DEL DEPARTAMENTO DE BOLÍVAR
C9: ENTIDAD: | E9: GOBERNACIÓN DE BOLÍVAR | R9: FECHA | S9: 45636
C10: ITEM PRESUP | D10: DESCRIPCION | E10: CANT | F10: PRECIO PROMEDIO ENTRE PRECIOS DE LA REGION
F11: ALMADERAS S.A.S. | J11: COMERCIALIZADOA GRANADA S.A.S. | N11: COLOMBIA PARQUES S.A.S. | R11: VALOR PROMEDIO UNITARIO (IVA INCLUIDO) | S11: VALOR TOTAL PROMEDIO (IVA INCLUIDO)
F12: VALOR UNITARIO | G12: IVA 19% | H12: VALOR UNITARIO + IVA INCLUIDO | I12: V/R TOTAL | J12: VALOR UNITARIO | K12: IVA 19% | L12: VALOR UNITARIO + IVA INCLUIDO | M12: V/R TOTAL | N12: VALOR UNITARIO | O12: IVA 19% | P12: VALOR UNITARIO + IVA INCLUIDO | Q12: V/R TOTAL
C13: 31 | D13: PARQUES INFANTILES | E13: 70 | F13: =H13/1.19 -> 13361345 | G13: =H13-F13 -> 2538655.5 | H13: 15900000 | I13: =H13*E13 -> 1113000000 | J13: =L13/1.19 -> 14029412 | K13: =L13-J13 -> 2665588.2 | L13: 16695000 | M13: =E13*L13 -> 1168650000 | N13: =P13/1.19 -> 13782227 | O13: =P13-N13 -> 2618623.1 | P13: 16400850 | Q13: =P13*E13 -> 1148059500 | R13: =+AVERAGE(H13,L13,P13) -> 16331950 | S13: =+R13*E13 -> 1143236500
C14: TOTAL | I14: =I13 -> 1113000000 | M14: =M13 -> 1168650000 | Q14: =Q13 -> 1148059500 | S14: =+S13 -> 1143236500

Sheet OFERTA ECONOMICA
A1: OFERTA ECONOMICA
A2: FORTALECIMIENTO INTEGRAL DE LA ACTIVIDAD FÍSICA, RECREACIÓN Y EL DEPORTE A TRAVÉS DE LA DOTACIÓN DE IMPLEMENTOS DEPORTIVOS Y PARQUES INFANTILES EN INSTITUCIONES EDUCATIVAS DE LOS MUNICIPIOS PDET DEL SUR DEL DEPARTAMENTO DE BOLÍVAR
A3: ITEM | B3: DESCRIPCIÓN | C3: UND | D3: CANT | E3: PRECIO TECHO UNITARIO (INCLUYE IVA / NO SE PUEDE MODIFICAR) | F3: PRECIOS OFERTA ECONÓMICA
F4: VR/UNT | G4: VALOR TOTAL
A5: 1. Costos Directos Dotación
A6: 1.1 | B6: Cancha Multifuncional (Juego x 2) | C6: UND | D6: 29 | E6: 6037795.3 | G6: =D6*F6 -> 0
A7: 1.2 | B7: Juego X 2 Malla Futsala | C7: UND | D7: 31 | E7: 522678.5 | G7: =D7*F7 -> 0
A8: 1.3 | B8: Tablero Acrílico Baloncesto x2 | C8: UND | D8: 37 | E8: 1328096.6 | G8: =D8*F8 -> 0
A9: 1.4 | B9: Aro metálico en Varilla 45 cm | C9: UND | D9: 51 | E9: 255265.67 | G9: =D9*F9 -> 0
A10: 1.5 | B10: Malla Baloncesto | C10: UND | D10: 55 | E10: 110460.97 | G10: =D10*F10 -> 0
A11: 1.6 | B11: Tubos con Medidas Reglamentarias para Voleibol (x2) | C11: UND | D11: 40 | E11: 909099 | G11: =D11*F11 -> 0
A12: 1.7 | B12: Malla Voleibol | C12: UND | D12: 34 | E12: 416925.92 | G12: =D12*F12 -> 0
A13: 1.8 | B13: Pito Plástico Tipo Silbato | C13: UND | D13: 111 | E13: 19795.557 | G13: =D13*F13 -> 0
A14: 1.9 | B14: Cronometro Digital Electrónico m025 | C14: UND | D14: 109 | E14: 154013.37 | G14: =D14*F14 -> 0
A15: 1.10 | B15: Conos Plásticos 40 cm | C15: UND | D15: 2352 | E15: 14389.577 | G15: =D15*F15 -> 0
A16: 1.11 | B16: Chaleco de Entrenamiento (Tipo Peto) | C16: UND | D16: 1472 | E16: 50872.483 | G16: =D16*F16 -> 0
A17: 1.12 | B17: (paqu x 12) Ula Ula Plano en Plástico 50 cm | C17: UND | D17: 415 | E17: 112204.09 | G17: =D17*F17 -> 0
... A35: 1.30 | B35: Parques infantiles | C35: UND | D35: 70 | E35: 16331950 | G35: =D35*F35 -> 0
A36: Total Costos Directos Implementos a dotar | G36: =SUM(G6:G35) -> 0
A37: IVA 19% (Se desagrega ya que los precios tienen iva incluido) | G37: =G36-(G36/1.19) -> 0
A38: SUB TOTAL IMPLEMENTOS DEPORTIVOS | G38: =+G36 -> 0
A39: 2. Costos Directos Formación Docente
A40: 2.1 | B40: Realizar FORMACIÓN DOCENTE EN ÁREAS DE RECREACIÓN, DEPORTE S Y AFINES | C40: UND | D40: 90 | E40: 2594047.7 | G40: =D40*F40 -> 0
A41: SUBTOTAL FORMACIÓN DOCENTE | G41: =+G40 -> 0
A43: 3. Costos Directos Transporte a cada sede
A44: 3.1 | B44: TRANSPORTE | C44: UND | D44: 90 | E44: 1000000 | G44: =D44*F44 -> 0
A45: SUBTOTAL TRANSPORTE | G45: =+G44 -> 0
A46: COSTO DIRECTO DEL PROYECTO | G46: =+G38+G41+G45 -> 0
